Workbook

Sheet ELENCO ATLETI
B12: nome SQUADRA :
D14: COGNOME | E14: NOME | F14: LUOGO DI NASCITA | G14: DATA DI NASCITA | H14: CODICE FISCALE | I14: VIA E N° CIVICO | J14: CITTA' | K14: CAP | L14: MAIL | M14: PESO | N14: ALTEZZA (in cm)
B15: ESEMPIO | D15: ROSSI | E15: MARIO | F15: CAGLIARI | G15: 32874 | I15: VIALE COLOMBO 00 | J15: CAGLIARI | K15: 09100 | L15: rossimario@mail.it | M15: 80 | N15: 1.85
B16: 1 | C16: AT
B17: 2 | C17: AT
B18: 3 | C18: AT
B19: 4 | C19: AT
B20: 5 | C20: AT
B21: 6 | C21: AT
B22: 7 | C22: AT
B23: 8 | C23: AT
B24: 9 | C24: AT
B25: 10 | C25: AT
B26: 1 | C26: DIR | H26: =CF!AB14 -> #N/A
B27: 2 | C27: DIR | H27: =CF!AB15 -> #N/A
I30: DATA : ______________________ | L30: FIRMA : _______________________________________

Sheet COMUNE
A1: COMUNE | B1: CODICE | C1: PROVINCIA
A2: ABANO BAGNI | B2: A001 | C2: PD
A3: ABANO TERME | B3: A001 | C3: PD
A4: ABBADIA | B4: A002 | C4: CO
A5: ABBADIA | B5: A003 | C5: TO
A6: ABBADIA ALPINA | B6: A003 | C6: TO
A7: ABBADIA CERRETO | B7: A004 | C7: LO
A8: ABBADIA CERRETO | B8: A004 | C8: MI
A9: ABBADIA LARIANA | B9: A005 | C9: CO
A10: ABBADIA LARIANA | B10: A005 | C10: LC
A11: ABBADIA SAN SALVATORE | B11: A006 | C11: SI
A12: ABBADIA SOPRA ADDA | B12: A002 | C12: CO
... A13867: ZURI | B13867: M206 | C13867: CA

Sheet MESI
A1: MESE | B1: LETTERA
A2: 01 | B2: A
A3: 02 | B3: B
A4: 03 | B4: C
A5: 04 | B5: D
A6: 05 | B6: E
A7: 06 | B7: H
A8: 07 | B8: L
A9: 08 | B9: M
A10: 09 | B10: P
A11: 10 | B11: R
A12: 11 | B12: S
A13: 12 | B13: T

Sheet CONTROLLO
A1: CONVERSIONE CARATTERI DISPARI | D1: CONVERSIONE CARATTERI PARI | G1: CODICE DI CONTROLLO
A2: CARATTERE | B2: VALORE | D2: CARATTERE | E2: VALORE | G2: RESTO | H2: LETTERA
A3: ZERO | B3: 1 | D3: ZERO | E3: 0 | G3: ZERO | H3: A
A4: 1 | B4: 0 | D4: 1 | E4: 1 | G4: 1 | H4: B
A5: 2 | B5: 5 | D5: 2 | E5: 2 | G5: 2 | H5: C
A6: 3 | B6: 7 | D6: 3 | E6: 3 | G6: 3 | H6: D
A7: 4 | B7: 9 | D7: 4 | E7: 4 | G7: 4 | H7: E
A8: 5 | B8: 13 | D8: 5 | E8: 5 | G8: 5 | H8: F
A9: 6 | B9: 15 | D9: 6 | E9: 6 | G9: 6 | H9: G
A10: 7 | B10: 17 | D10: 7 | E10: 7 | G10: 7 | H10: H
A11: 8 | B11: 19 | D11: 8 | E11: 8 | G11: 8 | H11: I
A12: 9 | B12: 21 | D12: 9 | E12: 9 | G12: 9 | H12: J
A13: A | B13: 1 | D13: A | E13: 0 | G13: 10 | H13: K
A14: B | B14: 0 | D14: B | E14: 1 | G14: 11 | H14: L
... A28: P | B28: 3 | D28: P | E28: 15 | G28: 25 | H28: Z
A29: Q | B29: 6 | D29: Q | E29: 16
A30: R | B30: 8 | D30: R | E30: 17
A31: S | B31: 12 | D31: S | E31: 18
A32: T | B32: 14 | D32: T | E32: 19
A33: U | B33: 16 | D33: U | E33: 20
A34: V | B34: 10 | D34: V | E34: 21
A35: W | B35: 22 | D35: W | E35: 22
A36: X | B36: 25 | D36: X | E36: 23
A37: Y | B37: 24 | D37: Y | E37: 24
A38: Z | B38: 23 | D38: Z | E38: 25

Sheet CF
A1: ='ELENCO ATLETI'!D16 -> 0 | B1: ='ELENCO ATLETI'!E16 -> 0 | C1: ='ELENCO ATLETI'!F16 -> 0 | D1: ='ELENCO ATLETI'!G16 -> 0 | E1: M | F1: =SUBSTITUTE(SUBSTITUTE(SUBSTITUTE(SUBSTITUTE(SUBSTITUTE(SUBSTITUTE(UPPER(A1)," ",""),"U",""),"O",""),"I",""),"E",""),"A","") -> 0 | G1: =SUBSTITUTE(SUBSTITUTE(SUBSTITUTE(SUBSTITUTE(SUBSTITUTE(SUBSTITUTE(UPPER(A1)," ",""),"G",""),"F",""),"D",""),"C",""),"B","") -> 0 | H1: =SUBSTITUTE(SUBSTITUTE(SUBSTITUTE(SUBSTITUTE(SUBSTITUTE(SUBSTITUTE(UPPER(G1)," ",""),"M",""),"L",""),"K",""),"J",""),"H","") -> 0 | I1: =SUBSTITUTE(SUBSTITUTE(SUBSTITUTE(SUBSTITUTE(SUBSTITUTE(SUBSTITUTE(UPPER(H1)," ",""),"S",""),"R",""),"Q",""),"P",""),"N","") -> 0 | J1: =SUBSTITUTE(SUBSTITUTE(SUBSTITUTE(SUBSTITUTE(SUBSTITUTE(SUBSTITUTE(SUBSTITUTE(UPPER(I1)," ",""),"Z",""),"W",""),"X",""),"W",""),"V",""),"T","") -> 0 | K1: =IF(LEN(IF(LEN(F1)>=3,LEFT(F1,3),IF(LEN(F1)=2,F1 & LEFT(J1,1),F1 & LEFT(J1,2))))=2,IF(LEN(F1)>=3,LEFT(F1,3),IF(LEN(F1)=2,F1 & LEFT(J1,1),F1 & LEFT(J1,2))) & "X",IF(LEN(F1)>=3,LEFT(F1,3),IF(LEN(F1)=2,F1 & LEFT(J1,1),F1 & LEFT(J1,2)))) -> 00X | L1: =(VLOOKUP(LEFT(K1,1),[1]CONTROLLO!$A$3:$B$38,2,FALSE)) + (VLOOKUP(MID(K1,2,1),[1]CONTROLLO!$D$3:$E$38,2,FALSE)) + (VLOOKUP(RIGHT(K1,1),[1]CONTROLLO!$A$3:$B$38,2,FALSE)) -> #N/A | M1: =SUBSTITUTE(SUBSTITUTE(SUBSTITUTE(SUBSTITUTE(SUBSTITUTE(SUBSTITUTE(UPPER(B1)," ",""),"U",""),"O",""),"I",""),"E",""),"A","") -> 0 | N1: =SUBSTITUTE(SUBSTITUTE(SUBSTITUTE(SUBSTITUTE(SUBSTITUTE(SUBSTITUTE(UPPER(B1)," ",""),"G",""),"F",""),"D",""),"C",""),"B","") -> 0 | O1: =SUBSTITUTE(SUBSTITUTE(SUBSTITUTE(SUBSTITUTE(SUBSTITUTE(SUBSTITUTE(UPPER(N1)," ",""),"M",""),"L",""),"K",""),"J",""),"H","") -> 0 | P1: =SUBSTITUTE(SUBSTITUTE(SUBSTITUTE(SUBSTITUTE(SUBSTITUTE(SUBSTITUTE(UPPER(O1)," ",""),"S",""),"R",""),"Q",""),"P",""),"N","") -> 0 | Q1: =SUBSTITUTE(SUBSTITUTE(SUBSTITUTE(SUBSTITUTE(SUBSTITUTE(SUBSTITUTE(SUBSTITUTE(UPPER(P1)," ",""),"Z",""),"W",""),"X",""),"W",""),"V",""),"T","") -> 0 | R1: =IF(LEN(IF(LEN(M1)>3,MID(M1,1,1) & MID(M1,3,1) & MID(M1,4,1),IF(LEN(M1)=3,M1,IF(LEN(M1)=2,M1 & LEFT(Q1,1),M1 & LEFT(Q1,2)))))=2,IF(LEN(M1)>3,MID(M1,1,1) & MID(M1,3,1) & MID(M1,4,1),IF(LEN(M1)=3,M1,IF(LEN(M1)=2,M1 & LEFT(Q1,1),M1 & LEFT(Q1,2)))) & "X",IF(LEN(M1)>3,MID(M1,1,1) & MID(M1,3,1) & MID(M1,4,1),IF(LEN(M1)=3,M1,IF(LEN(M1)=2,M1 & LEFT(Q1,1),M1 & LEFT(Q1,2))))) -> 00X | S1: =(VLOOKUP(LEFT(R1,1),[1]CONTROLLO!$D$3:$E$38,2,FALSE)) + (VLOOKUP(MID(R1,2,1),[1]CONTROLLO!$A$3:$B$38,2,FALSE)) + (VLOOKUP(RIGHT(R1,1),[1]CONTROLLO!$D$3:$E$38,2,FALSE)) -> #N/A | T1: =IF(C1="","",VLOOKUP(C1,[1]COMUNI!$A$2:$C$13867,2,FALSE)) -> #N/A | U1: =(VLOOKUP(IF(LEFT(T1,1)="0","ZERO",LEFT(T1,1)),[1]CONTROLLO!$D$3:$E$38,2,FALSE)) + (VLOOKUP(IF(MID(T1,2,1)="0","ZERO",MID(T1,2,1)),[1]CONTROLLO!$A$3:$B$38,2,FALSE)) + (VLOOKUP(IF(MID(T1,3,1)="0","ZERO",MID(T1,3,1)),[1]CONTROLLO!$D$3:$E$38,2,FALSE)) + (VLOOKUP(IF(RIGHT(T1,1)="0","ZERO",RIGHT(T1,1)),[1]CONTROLLO!$A$3:$B$38,2,FALSE)) -> #N/A | V1: =RIGHT(TEXT(D1,"gg/mm/aaaa"),2) -> 00 | W1: =VLOOKUP(MID(TEXT(D1,"gg/mm/aaaa"),4,2),[1]MESI!$A$2:$B$13,2,FALSE) -> A | X1: =IF(E1="M",LEFT(TEXT(D1,"gg/mm/aaaa"),2),IF(E1="F",LEFT(TEXT(D1,"gg/mm/aaaa"),2)+40,"")) -> 00 | Y1: =IF(X1="","",V1&W1&X1) -> 00A00 | Z1: =(VLOOKUP(IF(LEFT(Y1,1)="0","ZERO",LEFT(Y1,1)),[1]CONTROLLO!$A$3:$B$38,2,FALSE)) + (VLOOKUP(IF(MID(Y1,2,1)="0","ZERO",MID(Y1,2,1)),[1]CONTROLLO!$D$3:$E$38,2,FALSE)) + (VLOOKUP(IF(MID(Y1,3,1)="0","ZERO",MID(Y1,3,1)),[1]CONTROLLO!$A$3:$B$38,2,FALSE)) + (VLOOKUP(IF(MID(Y1,4,1)="0","ZERO",MID(Y1,4,1)),[1]CONTROLLO!$D$3:$E$38,2,FALSE)) + (VLOOKUP(IF(RIGHT(Y1,1)="0","ZERO",RIGHT(Y1,1)),[1]CONTROLLO!$A$3:$B$38,2,FALSE)) -> 3 | AA1: =VLOOKUP(IF(TEXT(MOD(L1+S1+U1+Z1,26),"#")="0","ZERO",IF(TEXT(MOD(L1+S1+U1+Z1,26),"#")="","ZERO",TEXT(MOD(L1+S1+U1+Z1,26),"#"))),[1]CONTROLLO!$G$3:$H$28,2,FALSE) -> #N/A | AB1: =IF(K1<>"",IF(R1<>"",IF(T1<>"",IF(Y1<>"",IF(AA1<>"",K1&R1&Y1&T1&AA1,""),""),""),""),"") -> #N/A
A2: ='ELENCO ATLETI'!D17 -> 0 | B2: ='ELENCO ATLETI'!E17 -> 0 | C2: ='ELENCO ATLETI'!F17 -> 0 | D2: ='ELENCO ATLETI'!G17 -> 0 | E2: M | F2: =SUBSTITUTE(SUBSTITUTE(SUBSTITUTE(SUBSTITUTE(SUBSTITUTE(SUBSTITUTE(UPPER(A2)," ",""),"U",""),"O",""),"I",""),"E",""),"A","") -> 0 | G2: =SUBSTITUTE(SUBSTITUTE(SUBSTITUTE(SUBSTITUTE(SUBSTITUTE(SUBSTITUTE(UPPER(A2)," ",""),"G",""),"F",""),"D",""),"C",""),"B","") -> 0 | H2: =SUBSTITUTE(SUBSTITUTE(SUBSTITUTE(SUBSTITUTE(SUBSTITUTE(SUBSTITUTE(UPPER(G2)," ",""),"M",""),"L",""),"K",""),"J",""),"H","") -> 0 | I2: =SUBSTITUTE(SUBSTITUTE(SUBSTITUTE(SUBSTITUTE(SUBSTITUTE(SUBSTITUTE(UPPER(H2)," ",""),"S",""),"R",""),"Q",""),"P",""),"N","") -> 0 | J2: =SUBSTITUTE(SUBSTITUTE(SUBSTITUTE(SUBSTITUTE(SUBSTITUTE(SUBSTITUTE(SUBSTITUTE(UPPER(I2)," ",""),"Z",""),"W",""),"X",""),"W",""),"V",""),"T","") -> 0 | K2: =IF(LEN(IF(LEN(F2)>=3,LEFT(F2,3),IF(LEN(F2)=2,F2 & LEFT(J2,1),F2 & LEFT(J2,2))))=2,IF(LEN(F2)>=3,LEFT(F2,3),IF(LEN(F2)=2,F2 & LEFT(J2,1),F2 & LEFT(J2,2))) & "X",IF(LEN(F2)>=3,LEFT(F2,3),IF(LEN(F2)=2,F2 & LEFT(J2,1),F2 & LEFT(J2,2)))) -> 00X | L2: =(VLOOKUP(LEFT(K2,1),[1]CONTROLLO!$A$3:$B$38,2,FALSE)) + (VLOOKUP(MID(K2,2,1),[1]CONTROLLO!$D$3:$E$38,2,FALSE)) + (VLOOKUP(RIGHT(K2,1),[1]CONTROLLO!$A$3:$B$38,2,FALSE)) -> #N/A | M2: =SUBSTITUTE(SUBSTITUTE(SUBSTITUTE(SUBSTITUTE(SUBSTITUTE(SUBSTITUTE(UPPER(B2)," ",""),"U",""),"O",""),"I",""),"E",""),"A","") -> 0 | N2: =SUBSTITUTE(SUBSTITUTE(SUBSTITUTE(SUBSTITUTE(SUBSTITUTE(SUBSTITUTE(UPPER(B2)," ",""),"G",""),"F",""),"D",""),"C",""),"B","") -> 0 | O2: =SUBSTITUTE(SUBSTITUTE(SUBSTITUTE(SUBSTITUTE(SUBSTITUTE(SUBSTITUTE(UPPER(N2)," ",""),"M",""),"L",""),"K",""),"J",""),"H","") -> 0 | P2: =SUBSTITUTE(SUBSTITUTE(SUBSTITUTE(SUBSTITUTE(SUBSTITUTE(SUBSTITUTE(UPPER(O2)," ",""),"S",""),"R",""),"Q",""),"P",""),"N","") -> 0 | Q2: =SUBSTITUTE(SUBSTITUTE(SUBSTITUTE(SUBSTITUTE(SUBSTITUTE(SUBSTITUTE(SUBSTITUTE(UPPER(P2)," ",""),"Z",""),"W",""),"X",""),"W",""),"V",""),"T","") -> 0 | R2: =IF(LEN(IF(LEN(M2)>3,MID(M2,1,1) & MID(M2,3,1) & MID(M2,4,1),IF(LEN(M2)=3,M2,IF(LEN(M2)=2,M2 & LEFT(Q2,1),M2 & LEFT(Q2,2)))))=2,IF(LEN(M2)>3,MID(M2,1,1) & MID(M2,3,1) & MID(M2,4,1),IF(LEN(M2)=3,M2,IF(LEN(M2)=2,M2 & LEFT(Q2,1),M2 & LEFT(Q2,2)))) & "X",IF(LEN(M2)>3,MID(M2,1,1) & MID(M2,3,1) & MID(M2,4,1),IF(LEN(M2)=3,M2,IF(LEN(M2)=2,M2 & LEFT(Q2,1),M2 & LEFT(Q2,2))))) -> 00X | S2: =(VLOOKUP(LEFT(R2,1),[1]CONTROLLO!$D$3:$E$38,2,FALSE)) + (VLOOKUP(MID(R2,2,1),[1]CONTROLLO!$A$3:$B$38,2,FALSE)) + (VLOOKUP(RIGHT(R2,1),[1]CONTROLLO!$D$3:$E$38,2,FALSE)) -> #N/A | T2: =IF(C2="","",VLOOKUP(C2,[1]COMUNI!$A$2:$C$13867,2,FALSE)) -> #N/A | U2: =(VLOOKUP(IF(LEFT(T2,1)="0","ZERO",LEFT(T2,1)),[1]CONTROLLO!$D$3:$E$38,2,FALSE)) + (VLOOKUP(IF(MID(T2,2,1)="0","ZERO",MID(T2,2,1)),[1]CONTROLLO!$A$3:$B$38,2,FALSE)) + (VLOOKUP(IF(MID(T2,3,1)="0","ZERO",MID(T2,3,1)),[1]CONTROLLO!$D$3:$E$38,2,FALSE)) + (VLOOKUP(IF(RIGHT(T2,1)="0","ZERO",RIGHT(T2,1)),[1]CONTROLLO!$A$3:$B$38,2,FALSE)) -> #N/A | V2: =RIGHT(TEXT(D2,"gg/mm/aaaa"),2) -> 00 | W2: =VLOOKUP(MID(TEXT(D2,"gg/mm/aaaa"),4,2),[1]MESI!$A$2:$B$13,2,FALSE) -> A | X2: =IF(E2="M",LEFT(TEXT(D2,"gg/mm/aaaa"),2),IF(E2="F",LEFT(TEXT(D2,"gg/mm/aaaa"),2)+40,"")) -> 00 | Y2: =IF(X2="","",V2&W2&X2) -> 00A00 | Z2: =(VLOOKUP(IF(LEFT(Y2,1)="0","ZERO",LEFT(Y2,1)),[1]CONTROLLO!$A$3:$B$38,2,FALSE)) + (VLOOKUP(IF(MID(Y2,2,1)="0","ZERO",MID(Y2,2,1)),[1]CONTROLLO!$D$3:$E$38,2,FALSE)) + (VLOOKUP(IF(MID(Y2,3,1)="0","ZERO",MID(Y2,3,1)),[1]CONTROLLO!$A$3:$B$38,2,FALSE)) + (VLOOKUP(IF(MID(Y2,4,1)="0","ZERO",MID(Y2,4,1)),[1]CONTROLLO!$D$3:$E$38,2,FALSE)) + (VLOOKUP(IF(RIGHT(Y2,1)="0","ZERO",RIGHT(Y2,1)),[1]CONTROLLO!$A$3:$B$38,2,FALSE)) -> 3 | AA2: =VLOOKUP(IF(TEXT(MOD(L2+S2+U2+Z2,26),"#")="0","ZERO",IF(TEXT(MOD(L2+S2+U2+Z2,26),"#")="","ZERO",TEXT(MOD(L2+S2+U2+Z2,26),"#"))),[1]CONTROLLO!$G$3:$H$28,2,FALSE) -> #N/A | AB2: =IF(K2<>"",IF(R2<>"",IF(T2<>"",IF(Y2<>"",IF(AA2<>"",K2&R2&Y2&T2&AA2,""),""),""),""),"") -> #N/A
A3: ='ELENCO ATLETI'!D18 -> 0 | B3: ='ELENCO ATLETI'!E18 -> 0 | C3: ='ELENCO ATLETI'!F18 -> 0 | D3: ='ELENCO ATLETI'!G18 -> 0 | E3: M | F3: =SUBSTITUTE(SUBSTITUTE(SUBSTITUTE(SUBSTITUTE(SUBSTITUTE(SUBSTITUTE(UPPER(A3)," ",""),"U",""),"O",""),"I",""),"E",""),"A","") -> 0 | G3: =SUBSTITUTE(SUBSTITUTE(SUBSTITUTE(SUBSTITUTE(SUBSTITUTE(SUBSTITUTE(UPPER(A3)," ",""),"G",""),"F",""),"D",""),"C",""),"B","") -> 0 | H3: =SUBSTITUTE(SUBSTITUTE(SUBSTITUTE(SUBSTITUTE(SUBSTITUTE(SUBSTITUTE(UPPER(G3)," ",""),"M",""),"L",""),"K",""),"J",""),"H","") -> 0 | I3: =SUBSTITUTE(SUBSTITUTE(SUBSTITUTE(SUBSTITUTE(SUBSTITUTE(SUBSTITUTE(UPPER(H3)," ",""),"S",""),"R",""),"Q",""),"P",""),"N","") -> 0 | J3: =SUBSTITUTE(SUBSTITUTE(SUBSTITUTE(SUBSTITUTE(SUBSTITUTE(SUBSTITUTE(SUBSTITUTE(UPPER(I3)," ",""),"Z",""),"W",""),"X",""),"W",""),"V",""),"T","") -> 0 | K3: =IF(LEN(IF(LEN(F3)>=3,LEFT(F3,3),IF(LEN(F3)=2,F3 & LEFT(J3,1),F3 & LEFT(J3,2))))=2,IF(LEN(F3)>=3,LEFT(F3,3),IF(LEN(F3)=2,F3 & LEFT(J3,1),F3 & LEFT(J3,2))) & "X",IF(LEN(F3)>=3,LEFT(F3,3),IF(LEN(F3)=2,F3 & LEFT(J3,1),F3 & LEFT(J3,2)))) -> 00X | L3: =(VLOOKUP(LEFT(K3,1),[1]CONTROLLO!$A$3:$B$38,2,FALSE)) + (VLOOKUP(MID(K3,2,1),[1]CONTROLLO!$D$3:$E$38,2,FALSE)) + (VLOOKUP(RIGHT(K3,1),[1]CONTROLLO!$A$3:$B$38,2,FALSE)) -> #N/A | M3: =SUBSTITUTE(SUBSTITUTE(SUBSTITUTE(SUBSTITUTE(SUBSTITUTE(SUBSTITUTE(UPPER(B3)," ",""),"U",""),"O",""),"I",""),"E",""),"A","") -> 0 | N3: =SUBSTITUTE(SUBSTITUTE(SUBSTITUTE(SUBSTITUTE(SUBSTITUTE(SUBSTITUTE(UPPER(B3)," ",""),"G",""),"F",""),"D",""),"C",""),"B","") -> 0 | O3: =SUBSTITUTE(SUBSTITUTE(SUBSTITUTE(SUBSTITUTE(SUBSTITUTE(SUBSTITUTE(UPPER(N3)," ",""),"M",""),"L",""),"K",""),"J",""),"H","") -> 0 | P3: =SUBSTITUTE(SUBSTITUTE(SUBSTITUTE(SUBSTITUTE(SUBSTITUTE(SUBSTITUTE(UPPER(O3)," ",""),"S",""),"R",""),"Q",""),"P",""),"N","") -> 0 | Q3: =SUBSTITUTE(SUBSTITUTE(SUBSTITUTE(SUBSTITUTE(SUBSTITUTE(SUBSTITUTE(SUBSTITUTE(UPPER(P3)," ",""),"Z",""),"W",""),"X",""),"W",""),"V",""),"T","") -> 0 | R3: =IF(LEN(IF(LEN(M3)>3,MID(M3,1,1) & MID(M3,3,1) & MID(M3,4,1),IF(LEN(M3)=3,M3,IF(LEN(M3)=2,M3 & LEFT(Q3,1),M3 & LEFT(Q3,2)))))=2,IF(LEN(M3)>3,MID(M3,1,1) & MID(M3,3,1) & MID(M3,4,1),IF(LEN(M3)=3,M3,IF(LEN(M3)=2,M3 & LEFT(Q3,1),M3 & LEFT(Q3,2)))) & "X",IF(LEN(M3)>3,MID(M3,1,1) & MID(M3,3,1) & MID(M3,4,1),IF(LEN(M3)=3,M3,IF(LEN(M3)=2,M3 & LEFT(Q3,1),M3 & LEFT(Q3,2))))) -> 00X | S3: =(VLOOKUP(LEFT(R3,1),[1]CONTROLLO!$D$3:$E$38,2,FALSE)) + (VLOOKUP(MID(R3,2,1),[1]CONTROLLO!$A$3:$B$38,2,FALSE)) + (VLOOKUP(RIGHT(R3,1),[1]CONTROLLO!$D$3:$E$38,2,FALSE)) -> #N/A | T3: =IF(C3="","",VLOOKUP(C3,[1]COMUNI!$A$2:$C$13867,2,FALSE)) -> #N/A | U3: =(VLOOKUP(IF(LEFT(T3,1)="0","ZERO",LEFT(T3,1)),[1]CONTROLLO!$D$3:$E$38,2,FALSE)) + (VLOOKUP(IF(MID(T3,2,1)="0","ZERO",MID(T3,2,1)),[1]CONTROLLO!$A$3:$B$38,2,FALSE)) + (VLOOKUP(IF(MID(T3,3,1)="0","ZERO",MID(T3,3,1)),[1]CONTROLLO!$D$3:$E$38,2,FALSE)) + (VLOOKUP(IF(RIGHT(T3,1)="0","ZERO",RIGHT(T3,1)),[1]CONTROLLO!$A$3:$B$38,2,FALSE)) -> #N/A | V3: =RIGHT(TEXT(D3,"gg/mm/aaaa"),2) -> 00 | W3: =VLOOKUP(MID(TEXT(D3,"gg/mm/aaaa"),4,2),[1]MESI!$A$2:$B$13,2,FALSE) -> A | X3: =IF(E3="M",LEFT(TEXT(D3,"gg/mm/aaaa"),2),IF(E3="F",LEFT(TEXT(D3,"gg/mm/aaaa"),2)+40,"")) -> 00 | Y3: =IF(X3="","",V3&W3&X3) -> 00A00 | Z3: =(VLOOKUP(IF(LEFT(Y3,1)="0","ZERO",LEFT(Y3,1)),[1]CONTROLLO!$A$3:$B$38,2,FALSE)) + (VLOOKUP(IF(MID(Y3,2,1)="0","ZERO",MID(Y3,2,1)),[1]CONTROLLO!$D$3:$E$38,2,FALSE)) + (VLOOKUP(IF(MID(Y3,3,1)="0","ZERO",MID(Y3,3,1)),[1]CONTROLLO!$A$3:$B$38,2,FALSE)) + (VLOOKUP(IF(MID(Y3,4,1)="0","ZERO",MID(Y3,4,1)),[1]CONTROLLO!$D$3:$E$38,2,FALSE)) + (VLOOKUP(IF(RIGHT(Y3,1)="0","ZERO",RIGHT(Y3,1)),[1]CONTROLLO!$A$3:$B$38,2,FALSE)) -> 3 | AA3: =VLOOKUP(IF(TEXT(MOD(L3+S3+U3+Z3,26),"#")="0","ZERO",IF(TEXT(MOD(L3+S3+U3+Z3,26),"#")="","ZERO",TEXT(MOD(L3+S3+U3+Z3,26),"#"))),[1]CONTROLLO!$G$3:$H$28,2,FALSE) -> #N/A | AB3: =IF(K3<>"",IF(R3<>"",IF(T3<>"",IF(Y3<>"",IF(AA3<>"",K3&R3&Y3&T3&AA3,""),""),""),""),"") -> #N/A
A4: ='ELENCO ATLETI'!D19 -> 0 | B4: ='ELENCO ATLETI'!E19 -> 0 | C4: ='ELENCO ATLETI'!F19 -> 0 | D4: ='ELENCO ATLETI'!G19 -> 0 | E4: M | F4: =SUBSTITUTE(SUBSTITUTE(SUBSTITUTE(SUBSTITUTE(SUBSTITUTE(SUBSTITUTE(UPPER(A4)," ",""),"U",""),"O",""),"I",""),"E",""),"A","") -> 0 | G4: =SUBSTITUTE(SUBSTITUTE(SUBSTITUTE(SUBSTITUTE(SUBSTITUTE(SUBSTITUTE(UPPER(A4)," ",""),"G",""),"F",""),"D",""),"C",""),"B","") -> 0 | H4: =SUBSTITUTE(SUBSTITUTE(SUBSTITUTE(SUBSTITUTE(SUBSTITUTE(SUBSTITUTE(UPPER(G4)," ",""),"M",""),"L",""),"K",""),"J",""),"H","") -> 0 | I4: =SUBSTITUTE(SUBSTITUTE(SUBSTITUTE(SUBSTITUTE(SUBSTITUTE(SUBSTITUTE(UPPER(H4)," ",""),"S",""),"R",""),"Q",""),"P",""),"N","") -> 0 | J4: =SUBSTITUTE(SUBSTITUTE(SUBSTITUTE(SUBSTITUTE(SUBSTITUTE(SUBSTITUTE(SUBSTITUTE(UPPER(I4)," ",""),"Z",""),"W",""),"X",""),"W",""),"V",""),"T","") -> 0 | K4: =IF(LEN(IF(LEN(F4)>=3,LEFT(F4,3),IF(LEN(F4)=2,F4 & LEFT(J4,1),F4 & LEFT(J4,2))))=2,IF(LEN(F4)>=3,LEFT(F4,3),IF(LEN(F4)=2,F4 & LEFT(J4,1),F4 & LEFT(J4,2))) & "X",IF(LEN(F4)>=3,LEFT(F4,3),IF(LEN(F4)=2,F4 & LEFT(J4,1),F4 & LEFT(J4,2)))) -> 00X | L4: =(VLOOKUP(LEFT(K4,1),[1]CONTROLLO!$A$3:$B$38,2,FALSE)) + (VLOOKUP(MID(K4,2,1),[1]CONTROLLO!$D$3:$E$38,2,FALSE)) + (VLOOKUP(RIGHT(K4,1),[1]CONTROLLO!$A$3:$B$38,2,FALSE)) -> #N/A | M4: =SUBSTITUTE(SUBSTITUTE(SUBSTITUTE(SUBSTITUTE(SUBSTITUTE(SUBSTITUTE(UPPER(B4)," ",""),"U",""),"O",""),"I",""),"E",""),"A","") -> 0 | N4: =SUBSTITUTE(SUBSTITUTE(SUBSTITUTE(SUBSTITUTE(SUBSTITUTE(SUBSTITUTE(UPPER(B4)," ",""),"G",""),"F",""),"D",""),"C",""),"B","") -> 0 | O4: =SUBSTITUTE(SUBSTITUTE(SUBSTITUTE(SUBSTITUTE(SUBSTITUTE(SUBSTITUTE(UPPER(N4)," ",""),"M",""),"L",""),"K",""),"J",""),"H","") -> 0 | P4: =SUBSTITUTE(SUBSTITUTE(SUBSTITUTE(SUBSTITUTE(SUBSTITUTE(SUBSTITUTE(UPPER(O4)," ",""),"S",""),"R",""),"Q",""),"P",""),"N","") -> 0 | Q4: =SUBSTITUTE(SUBSTITUTE(SUBSTITUTE(SUBSTITUTE(SUBSTITUTE(SUBSTITUTE(SUBSTITUTE(UPPER(P4)," ",""),"Z",""),"W",""),"X",""),"W",""),"V",""),"T","") -> 0 | R4: =IF(LEN(IF(LEN(M4)>3,MID(M4,1,1) & MID(M4,3,1) & MID(M4,4,1),IF(LEN(M4)=3,M4,IF(LEN(M4)=2,M4 & LEFT(Q4,1),M4 & LEFT(Q4,2)))))=2,IF(LEN(M4)>3,MID(M4,1,1) & MID(M4,3,1) & MID(M4,4,1),IF(LEN(M4)=3,M4,IF(LEN(M4)=2,M4 & LEFT(Q4,1),M4 & LEFT(Q4,2)))) & "X",IF(LEN(M4)>3,MID(M4,1,1) & MID(M4,3,1) & MID(M4,4,1),IF(LEN(M4)=3,M4,IF(LEN(M4)=2,M4 & LEFT(Q4,1),M4 & LEFT(Q4,2))))) -> 00X | S4: =(VLOOKUP(LEFT(R4,1),[1]CONTROLLO!$D$3:$E$38,2,FALSE)) + (VLOOKUP(MID(R4,2,1),[1]CONTROLLO!$A$3:$B$38,2,FALSE)) + (VLOOKUP(RIGHT(R4,1),[1]CONTROLLO!$D$3:$E$38,2,FALSE)) -> #N/A | T4: =IF(C4="","",VLOOKUP(C4,[1]COMUNI!$A$2:$C$13867,2,FALSE)) -> #N/A | U4: =(VLOOKUP(IF(LEFT(T4,1)="0","ZERO",LEFT(T4,1)),[1]CONTROLLO!$D$3:$E$38,2,FALSE)) + (VLOOKUP(IF(MID(T4,2,1)="0","ZERO",MID(T4,2,1)),[1]CONTROLLO!$A$3:$B$38,2,FALSE)) + (VLOOKUP(IF(MID(T4,3,1)="0","ZERO",MID(T4,3,1)),[1]CONTROLLO!$D$3:$E$38,2,FALSE)) + (VLOOKUP(IF(RIGHT(T4,1)="0","ZERO",RIGHT(T4,1)),[1]CONTROLLO!$A$3:$B$38,2,FALSE)) -> #N/A | V4: =RIGHT(TEXT(D4,"gg/mm/aaaa"),2) -> 00 | W4: =VLOOKUP(MID(TEXT(D4,"gg/mm/aaaa"),4,2),[1]MESI!$A$2:$B$13,2,FALSE) -> A | X4: =IF(E4="M",LEFT(TEXT(D4,"gg/mm/aaaa"),2),IF(E4="F",LEFT(TEXT(D4,"gg/mm/aaaa"),2)+40,"")) -> 00 | Y4: =IF(X4="","",V4&W4&X4) -> 00A00 | Z4: =(VLOOKUP(IF(LEFT(Y4,1)="0","ZERO",LEFT(Y4,1)),[1]CONTROLLO!$A$3:$B$38,2,FALSE)) + (VLOOKUP(IF(MID(Y4,2,1)="0","ZERO",MID(Y4,2,1)),[1]CONTROLLO!$D$3:$E$38,2,FALSE)) + (VLOOKUP(IF(MID(Y4,3,1)="0","ZERO",MID(Y4,3,1)),[1]CONTROLLO!$A$3:$B$38,2,FALSE)) + (VLOOKUP(IF(MID(Y4,4,1)="0","ZERO",MID(Y4,4,1)),[1]CONTROLLO!$D$3:$E$38,2,FALSE)) + (VLOOKUP(IF(RIGHT(Y4,1)="0","ZERO",RIGHT(Y4,1)),[1]CONTROLLO!$A$3:$B$38,2,FALSE)) -> 3 | AA4: =VLOOKUP(IF(TEXT(MOD(L4+S4+U4+Z4,26),"#")="0","ZERO",IF(TEXT(MOD(L4+S4+U4+Z4,26),"#")="","ZERO",TEXT(MOD(L4+S4+U4+Z4,26),"#"))),[1]CONTROLLO!$G$3:$H$28,2,FALSE) -> #N/A | AB4: =IF(K4<>"",IF(R4<>"",IF(T4<>"",IF(Y4<>"",IF(AA4<>"",K4&R4&Y4&T4&AA4,""),""),""),""),"") -> #N/A
A5: ='ELENCO ATLETI'!D20 -> 0 | B5: ='ELENCO ATLETI'!E20 -> 0 | C5: ='ELENCO ATLETI'!F20 -> 0 | D5: ='ELENCO ATLETI'!G20 -> 0 | E5: M | F5: =SUBSTITUTE(SUBSTITUTE(SUBSTITUTE(SUBSTITUTE(SUBSTITUTE(SUBSTITUTE(UPPER(A5)," ",""),"U",""),"O",""),"I",""),"E",""),"A","") -> 0 | G5: =SUBSTITUTE(SUBSTITUTE(SUBSTITUTE(SUBSTITUTE(SUBSTITUTE(SUBSTITUTE(UPPER(A5)," ",""),"G",""),"F",""),"D",""),"C",""),"B","") -> 0 | H5: =SUBSTITUTE(SUBSTITUTE(SUBSTITUTE(SUBSTITUTE(SUBSTITUTE(SUBSTITUTE(UPPER(G5)," ",""),"M",""),"L",""),"K",""),"J",""),"H","") -> 0 | I5: =SUBSTITUTE(SUBSTITUTE(SUBSTITUTE(SUBSTITUTE(SUBSTITUTE(SUBSTITUTE(UPPER(H5)," ",""),"S",""),"R",""),"Q",""),"P",""),"N","") -> 0 | J5: =SUBSTITUTE(SUBSTITUTE(SUBSTITUTE(SUBSTITUTE(SUBSTITUTE(SUBSTITUTE(SUBSTITUTE(UPPER(I5)," ",""),"Z",""),"W",""),"X",""),"W",""),"V",""),"T","") -> 0 | K5: =IF(LEN(IF(LEN(F5)>=3,LEFT(F5,3),IF(LEN(F5)=2,F5 & LEFT(J5,1),F5 & LEFT(J5,2))))=2,IF(LEN(F5)>=3,LEFT(F5,3),IF(LEN(F5)=2,F5 & LEFT(J5,1),F5 & LEFT(J5,2))) & "X",IF(LEN(F5)>=3,LEFT(F5,3),IF(LEN(F5)=2,F5 & LEFT(J5,1),F5 & LEFT(J5,2)))) -> 00X | L5: =(VLOOKUP(LEFT(K5,1),[1]CONTROLLO!$A$3:$B$38,2,FALSE)) + (VLOOKUP(MID(K5,2,1),[1]CONTROLLO!$D$3:$E$38,2,FALSE)) + (VLOOKUP(RIGHT(K5,1),[1]CONTROLLO!$A$3:$B$38,2,FALSE)) -> #N/A | M5: =SUBSTITUTE(SUBSTITUTE(SUBSTITUTE(SUBSTITUTE(SUBSTITUTE(SUBSTITUTE(UPPER(B5)," ",""),"U",""),"O",""),"I",""),"E",""),"A","") -> 0 | N5: =SUBSTITUTE(SUBSTITUTE(SUBSTITUTE(SUBSTITUTE(SUBSTITUTE(SUBSTITUTE(UPPER(B5)," ",""),"G",""),"F",""),"D",""),"C",""),"B","") -> 0 | O5: =SUBSTITUTE(SUBSTITUTE(SUBSTITUTE(SUBSTITUTE(SUBSTITUTE(SUBSTITUTE(UPPER(N5)," ",""),"M",""),"L",""),"K",""),"J",""),"H","") -> 0 | P5: =SUBSTITUTE(SUBSTITUTE(SUBSTITUTE(SUBSTITUTE(SUBSTITUTE(SUBSTITUTE(UPPER(O5)," ",""),"S",""),"R",""),"Q",""),"P",""),"N","") -> 0 | Q5: =SUBSTITUTE(SUBSTITUTE(SUBSTITUTE(SUBSTITUTE(SUBSTITUTE(SUBSTITUTE(SUBSTITUTE(UPPER(P5)," ",""),"Z",""),"W",""),"X",""),"W",""),"V",""),"T","") -> 0 | R5: =IF(LEN(IF(LEN(M5)>3,MID(M5,1,1) & MID(M5,3,1) & MID(M5,4,1),IF(LEN(M5)=3,M5,IF(LEN(M5)=2,M5 & LEFT(Q5,1),M5 & LEFT(Q5,2)))))=2,IF(LEN(M5)>3,MID(M5,1,1) & MID(M5,3,1) & MID(M5,4,1),IF(LEN(M5)=3,M5,IF(LEN(M5)=2,M5 & LEFT(Q5,1),M5 & LEFT(Q5,2)))) & "X",IF(LEN(M5)>3,MID(M5,1,1) & MID(M5,3,1) & MID(M5,4,1),IF(LEN(M5)=3,M5,IF(LEN(M5)=2,M5 & LEFT(Q5,1),M5 & LEFT(Q5,2))))) -> 00X | S5: =(VLOOKUP(LEFT(R5,1),[1]CONTROLLO!$D$3:$E$38,2,FALSE)) + (VLOOKUP(MID(R5,2,1),[1]CONTROLLO!$A$3:$B$38,2,FALSE)) + (VLOOKUP(RIGHT(R5,1),[1]CONTROLLO!$D$3:$E$38,2,FALSE)) -> #N/A | T5: =IF(C5="","",VLOOKUP(C5,[1]COMUNI!$A$2:$C$13867,2,FALSE)) -> #N/A | U5: =(VLOOKUP(IF(LEFT(T5,1)="0","ZERO",LEFT(T5,1)),[1]CONTROLLO!$D$3:$E$38,2,FALSE)) + (VLOOKUP(IF(MID(T5,2,1)="0","ZERO",MID(T5,2,1)),[1]CONTROLLO!$A$3:$B$38,2,FALSE)) + (VLOOKUP(IF(MID(T5,3,1)="0","ZERO",MID(T5,3,1)),[1]CONTROLLO!$D$3:$E$38,2,FALSE)) + (VLOOKUP(IF(RIGHT(T5,1)="0","ZERO",RIGHT(T5,1)),[1]CONTROLLO!$A$3:$B$38,2,FALSE)) -> #N/A | V5: =RIGHT(TEXT(D5,"gg/mm/aaaa"),2) -> 00 | W5: =VLOOKUP(MID(TEXT(D5,"gg/mm/aaaa"),4,2),[1]MESI!$A$2:$B$13,2,FALSE) -> A | X5: =IF(E5="M",LEFT(TEXT(D5,"gg/mm/aaaa"),2),IF(E5="F",LEFT(TEXT(D5,"gg/mm/aaaa"),2)+40,"")) -> 00 | Y5: =IF(X5="","",V5&W5&X5) -> 00A00 | Z5: =(VLOOKUP(IF(LEFT(Y5,1)="0","ZERO",LEFT(Y5,1)),[1]CONTROLLO!$A$3:$B$38,2,FALSE)) + (VLOOKUP(IF(MID(Y5,2,1)="0","ZERO",MID(Y5,2,1)),[1]CONTROLLO!$D$3:$E$38,2,FALSE)) + (VLOOKUP(IF(MID(Y5,3,1)="0","ZERO",MID(Y5,3,1)),[1]CONTROLLO!$A$3:$B$38,2,FALSE)) + (VLOOKUP(IF(MID(Y5,4,1)="0","ZERO",MID(Y5,4,1)),[1]CONTROLLO!$D$3:$E$38,2,FALSE)) + (VLOOKUP(IF(RIGHT(Y5,1)="0","ZERO",RIGHT(Y5,1)),[1]CONTROLLO!$A$3:$B$38,2,FALSE)) -> 3 | AA5: =VLOOKUP(IF(TEXT(MOD(L5+S5+U5+Z5,26),"#")="0","ZERO",IF(TEXT(MOD(L5+S5+U5+Z5,26),"#")="","ZERO",TEXT(MOD(L5+S5+U5+Z5,26),"#"))),[1]CONTROLLO!$G$3:$H$28,2,FALSE) -> #N/A | AB5: =IF(K5<>"",IF(R5<>"",IF(T5<>"",IF(Y5<>"",IF(AA5<>"",K5&R5&Y5&T5&AA5,""),""),""),""),"") -> #N/A
A6: ='ELENCO ATLETI'!D21 -> 0 | B6: ='ELENCO ATLETI'!E21 -> 0 | C6: ='ELENCO ATLETI'!F21 -> 0 | D6: ='ELENCO ATLETI'!G21 -> 0 | E6: M | F6: =SUBSTITUTE(SUBSTITUTE(SUBSTITUTE(SUBSTITUTE(SUBSTITUTE(SUBSTITUTE(UPPER(A6)," ",""),"U",""),"O",""),"I",""),"E",""),"A","") -> 0 | G6: =SUBSTITUTE(SUBSTITUTE(SUBSTITUTE(SUBSTITUTE(SUBSTITUTE(SUBSTITUTE(UPPER(A6)," ",""),"G",""),"F",""),"D",""),"C",""),"B","") -> 0 | H6: =SUBSTITUTE(SUBSTITUTE(SUBSTITUTE(SUBSTITUTE(SUBSTITUTE(SUBSTITUTE(UPPER(G6)," ",""),"M",""),"L",""),"K",""),"J",""),"H","") -> 0 | I6: =SUBSTITUTE(SUBSTITUTE(SUBSTITUTE(SUBSTITUTE(SUBSTITUTE(SUBSTITUTE(UPPER(H6)," ",""),"S",""),"R",""),"Q",""),"P",""),"N","") -> 0 | J6: =SUBSTITUTE(SUBSTITUTE(SUBSTITUTE(SUBSTITUTE(SUBSTITUTE(SUBSTITUTE(SUBSTITUTE(UPPER(I6)," ",""),"Z",""),"W",""),"X",""),"W",""),"V",""),"T","") -> 0 | K6: =IF(LEN(IF(LEN(F6)>=3,LEFT(F6,3),IF(LEN(F6)=2,F6 & LEFT(J6,1),F6 & LEFT(J6,2))))=2,IF(LEN(F6)>=3,LEFT(F6,3),IF(LEN(F6)=2,F6 & LEFT(J6,1),F6 & LEFT(J6,2))) & "X",IF(LEN(F6)>=3,LEFT(F6,3),IF(LEN(F6)=2,F6 & LEFT(J6,1),F6 & LEFT(J6,2)))) -> 00X | L6: =(VLOOKUP(LEFT(K6,1),[1]CONTROLLO!$A$3:$B$38,2,FALSE)) + (VLOOKUP(MID(K6,2,1),[1]CONTROLLO!$D$3:$E$38,2,FALSE)) + (VLOOKUP(RIGHT(K6,1),[1]CONTROLLO!$A$3:$B$38,2,FALSE)) -> #N/A | M6: =SUBSTITUTE(SUBSTITUTE(SUBSTITUTE(SUBSTITUTE(SUBSTITUTE(SUBSTITUTE(UPPER(B6)," ",""),"U",""),"O",""),"I",""),"E",""),"A","") -> 0 | N6: =SUBSTITUTE(SUBSTITUTE(SUBSTITUTE(SUBSTITUTE(SUBSTITUTE(SUBSTITUTE(UPPER(B6)," ",""),"G",""),"F",""),"D",""),"C",""),"B","") -> 0 | O6: =SUBSTITUTE(SUBSTITUTE(SUBSTITUTE(SUBSTITUTE(SUBSTITUTE(SUBSTITUTE(UPPER(N6)," ",""),"M",""),"L",""),"K",""),"J",""),"H","") -> 0 | P6: =SUBSTITUTE(SUBSTITUTE(SUBSTITUTE(SUBSTITUTE(SUBSTITUTE(SUBSTITUTE(UPPER(O6)," ",""),"S",""),"R",""),"Q",""),"P",""),"N","") -> 0 | Q6: =SUBSTITUTE(SUBSTITUTE(SUBSTITUTE(SUBSTITUTE(SUBSTITUTE(SUBSTITUTE(SUBSTITUTE(UPPER(P6)," ",""),"Z",""),"W",""),"X",""),"W",""),"V",""),"T","") -> 0 | R6: =IF(LEN(IF(LEN(M6)>3,MID(M6,1,1) & MID(M6,3,1) & MID(M6,4,1),IF(LEN(M6)=3,M6,IF(LEN(M6)=2,M6 & LEFT(Q6,1),M6 & LEFT(Q6,2)))))=2,IF(LEN(M6)>3,MID(M6,1,1) & MID(M6,3,1) & MID(M6,4,1),IF(LEN(M6)=3,M6,IF(LEN(M6)=2,M6 & LEFT(Q6,1),M6 & LEFT(Q6,2)))) & "X",IF(LEN(M6)>3,MID(M6,1,1) & MID(M6,3,1) & MID(M6,4,1),IF(LEN(M6)=3,M6,IF(LEN(M6)=2,M6 & LEFT(Q6,1),M6 & LEFT(Q6,2))))) -> 00X | S6: =(VLOOKUP(LEFT(R6,1),[1]CONTROLLO!$D$3:$E$38,2,FALSE)) + (VLOOKUP(MID(R6,2,1),[1]CONTROLLO!$A$3:$B$38,2,FALSE)) + (VLOOKUP(RIGHT(R6,1),[1]CONTROLLO!$D$3:$E$38,2,FALSE)) -> #N/A | T6: =IF(C6="","",VLOOKUP(C6,[1]COMUNI!$A$2:$C$13867,2,FALSE)) -> #N/A | U6: =(VLOOKUP(IF(LEFT(T6,1)="0","ZERO",LEFT(T6,1)),[1]CONTROLLO!$D$3:$E$38,2,FALSE)) + (VLOOKUP(IF(MID(T6,2,1)="0","ZERO",MID(T6,2,1)),[1]CONTROLLO!$A$3:$B$38,2,FALSE)) + (VLOOKUP(IF(MID(T6,3,1)="0","ZERO",MID(T6,3,1)),[1]CONTROLLO!$D$3:$E$38,2,FALSE)) + (VLOOKUP(IF(RIGHT(T6,1)="0","ZERO",RIGHT(T6,1)),[1]CONTROLLO!$A$3:$B$38,2,FALSE)) -> #N/A | V6: =RIGHT(TEXT(D6,"gg/mm/aaaa"),2) -> 00 | W6: =VLOOKUP(MID(TEXT(D6,"gg/mm/aaaa"),4,2),[1]MESI!$A$2:$B$13,2,FALSE) -> A | X6: =IF(E6="M",LEFT(TEXT(D6,"gg/mm/aaaa"),2),IF(E6="F",LEFT(TEXT(D6,"gg/mm/aaaa"),2)+40,"")) -> 00 | Y6: =IF(X6="","",V6&W6&X6) -> 00A00 | Z6: =(VLOOKUP(IF(LEFT(Y6,1)="0","ZERO",LEFT(Y6,1)),[1]CONTROLLO!$A$3:$B$38,2,FALSE)) + (VLOOKUP(IF(MID(Y6,2,1)="0","ZERO",MID(Y6,2,1)),[1]CONTROLLO!$D$3:$E$38,2,FALSE)) + (VLOOKUP(IF(MID(Y6,3,1)="0","ZERO",MID(Y6,3,1)),[1]CONTROLLO!$A$3:$B$38,2,FALSE)) + (VLOOKUP(IF(MID(Y6,4,1)="0","ZERO",MID(Y6,4,1)),[1]CONTROLLO!$D$3:$E$38,2,FALSE)) + (VLOOKUP(IF(RIGHT(Y6,1)="0","ZERO",RIGHT(Y6,1)),[1]CONTROLLO!$A$3:$B$38,2,FALSE)) -> 3 | AA6: =VLOOKUP(IF(TEXT(MOD(L6+S6+U6+Z6,26),"#")="0","ZERO",IF(TEXT(MOD(L6+S6+U6+Z6,26),"#")="","ZERO",TEXT(MOD(L6+S6+U6+Z6,26),"#"))),[1]CONTROLLO!$G$3:$H$28,2,FALSE) -> #N/A | AB6: =IF(K6<>"",IF(R6<>"",IF(T6<>"",IF(Y6<>"",IF(AA6<>"",K6&R6&Y6&T6&AA6,""),""),""),""),"") -> #N/A
A7: ='ELENCO ATLETI'!D22 -> 0 | B7: ='ELENCO ATLETI'!E22 -> 0 | C7: ='ELENCO ATLETI'!F22 -> 0 | D7: ='ELENCO ATLETI'!G22 -> 0 | E7: M | F7: =SUBSTITUTE(SUBSTITUTE(SUBSTITUTE(SUBSTITUTE(SUBSTITUTE(SUBSTITUTE(UPPER(A7)," ",""),"U",""),"O",""),"I",""),"E",""),"A","") -> 0 | G7: =SUBSTITUTE(SUBSTITUTE(SUBSTITUTE(SUBSTITUTE(SUBSTITUTE(SUBSTITUTE(UPPER(A7)," ",""),"G",""),"F",""),"D",""),"C",""),"B","") -> 0 | H7: =SUBSTITUTE(SUBSTITUTE(SUBSTITUTE(SUBSTITUTE(SUBSTITUTE(SUBSTITUTE(UPPER(G7)," ",""),"M",""),"L",""),"K",""),"J",""),"H","") -> 0 | I7: =SUBSTITUTE(SUBSTITUTE(SUBSTITUTE(SUBSTITUTE(SUBSTITUTE(SUBSTITUTE(UPPER(H7)," ",""),"S",""),"R",""),"Q",""),"P",""),"N","") -> 0 | J7: =SUBSTITUTE(SUBSTITUTE(SUBSTITUTE(SUBSTITUTE(SUBSTITUTE(SUBSTITUTE(SUBSTITUTE(UPPER(I7)," ",""),"Z",""),"W",""),"X",""),"W",""),"V",""),"T","") -> 0 | K7: =IF(LEN(IF(LEN(F7)>=3,LEFT(F7,3),IF(LEN(F7)=2,F7 & LEFT(J7,1),F7 & LEFT(J7,2))))=2,IF(LEN(F7)>=3,LEFT(F7,3),IF(LEN(F7)=2,F7 & LEFT(J7,1),F7 & LEFT(J7,2))) & "X",IF(LEN(F7)>=3,LEFT(F7,3),IF(LEN(F7)=2,F7 & LEFT(J7,1),F7 & LEFT(J7,2)))) -> 00X | L7: =(VLOOKUP(LEFT(K7,1),[1]CONTROLLO!$A$3:$B$38,2,FALSE)) + (VLOOKUP(MID(K7,2,1),[1]CONTROLLO!$D$3:$E$38,2,FALSE)) + (VLOOKUP(RIGHT(K7,1),[1]CONTROLLO!$A$3:$B$38,2,FALSE)) -> #N/A | M7: =SUBSTITUTE(SUBSTITUTE(SUBSTITUTE(SUBSTITUTE(SUBSTITUTE(SUBSTITUTE(UPPER(B7)," ",""),"U",""),"O",""),"I",""),"E",""),"A","") -> 0 | N7: =SUBSTITUTE(SUBSTITUTE(SUBSTITUTE(SUBSTITUTE(SUBSTITUTE(SUBSTITUTE(UPPER(B7)," ",""),"G",""),"F",""),"D",""),"C",""),"B","") -> 0 | O7: =SUBSTITUTE(SUBSTITUTE(SUBSTITUTE(SUBSTITUTE(SUBSTITUTE(SUBSTITUTE(UPPER(N7)," ",""),"M",""),"L",""),"K",""),"J",""),"H","") -> 0 | P7: =SUBSTITUTE(SUBSTITUTE(SUBSTITUTE(SUBSTITUTE(SUBSTITUTE(SUBSTITUTE(UPPER(O7)," ",""),"S",""),"R",""),"Q",""),"P",""),"N","") -> 0 | Q7: =SUBSTITUTE(SUBSTITUTE(SUBSTITUTE(SUBSTITUTE(SUBSTITUTE(SUBSTITUTE(SUBSTITUTE(UPPER(P7)," ",""),"Z",""),"W",""),"X",""),"W",""),"V",""),"T","") -> 0 | R7: =IF(LEN(IF(LEN(M7)>3,MID(M7,1,1) & MID(M7,3,1) & MID(M7,4,1),IF(LEN(M7)=3,M7,IF(LEN(M7)=2,M7 & LEFT(Q7,1),M7 & LEFT(Q7,2)))))=2,IF(LEN(M7)>3,MID(M7,1,1) & MID(M7,3,1) & MID(M7,4,1),IF(LEN(M7)=3,M7,IF(LEN(M7)=2,M7 & LEFT(Q7,1),M7 & LEFT(Q7,2)))) & "X",IF(LEN(M7)>3,MID(M7,1,1) & MID(M7,3,1) & MID(M7,4,1),IF(LEN(M7)=3,M7,IF(LEN(M7)=2,M7 & LEFT(Q7,1),M7 & LEFT(Q7,2))))) -> 00X | S7: =(VLOOKUP(LEFT(R7,1),[1]CONTROLLO!$D$3:$E$38,2,FALSE)) + (VLOOKUP(MID(R7,2,1),[1]CONTROLLO!$A$3:$B$38,2,FALSE)) + (VLOOKUP(RIGHT(R7,1),[1]CONTROLLO!$D$3:$E$38,2,FALSE)) -> #N/A | T7: =IF(C7="","",VLOOKUP(C7,[1]COMUNI!$A$2:$C$13867,2,FALSE)) -> #N/A | U7: =(VLOOKUP(IF(LEFT(T7,1)="0","ZERO",LEFT(T7,1)),[1]CONTROLLO!$D$3:$E$38,2,FALSE)) + (VLOOKUP(IF(MID(T7,2,1)="0","ZERO",MID(T7,2,1)),[1]CONTROLLO!$A$3:$B$38,2,FALSE)) + (VLOOKUP(IF(MID(T7,3,1)="0","ZERO",MID(T7,3,1)),[1]CONTROLLO!$D$3:$E$38,2,FALSE)) + (VLOOKUP(IF(RIGHT(T7,1)="0","ZERO",RIGHT(T7,1)),[1]CONTROLLO!$A$3:$B$38,2,FALSE)) -> #N/A | V7: =RIGHT(TEXT(D7,"gg/mm/aaaa"),2) -> 00 | W7: =VLOOKUP(MID(TEXT(D7,"gg/mm/aaaa"),4,2),[1]MESI!$A$2:$B$13,2,FALSE) -> A | X7: =IF(E7="M",LEFT(TEXT(D7,"gg/mm/aaaa"),2),IF(E7="F",LEFT(TEXT(D7,"gg/mm/aaaa"),2)+40,"")) -> 00 | Y7: =IF(X7="","",V7&W7&X7) -> 00A00 | Z7: =(VLOOKUP(IF(LEFT(Y7,1)="0","ZERO",LEFT(Y7,1)),[1]CONTROLLO!$A$3:$B$38,2,FALSE)) + (VLOOKUP(IF(MID(Y7,2,1)="0","ZERO",MID(Y7,2,1)),[1]CONTROLLO!$D$3:$E$38,2,FALSE)) + (VLOOKUP(IF(MID(Y7,3,1)="0","ZERO",MID(Y7,3,1)),[1]CONTROLLO!$A$3:$B$38,2,FALSE)) + (VLOOKUP(IF(MID(Y7,4,1)="0","ZERO",MID(Y7,4,1)),[1]CONTROLLO!$D$3:$E$38,2,FALSE)) + (VLOOKUP(IF(RIGHT(Y7,1)="0","ZERO",RIGHT(Y7,1)),[1]CONTROLLO!$A$3:$B$38,2,FALSE)) -> 3 | AA7: =VLOOKUP(IF(TEXT(MOD(L7+S7+U7+Z7,26),"#")="0","ZERO",IF(TEXT(MOD(L7+S7+U7+Z7,26),"#")="","ZERO",TEXT(MOD(L7+S7+U7+Z7,26),"#"))),[1]CONTROLLO!$G$3:$H$28,2,FALSE) -> #N/A | AB7: =IF(K7<>"",IF(R7<>"",IF(T7<>"",IF(Y7<>"",IF(AA7<>"",K7&R7&Y7&T7&AA7,""),""),""),""),"") -> #N/A
A8: ='ELENCO ATLETI'!D23 -> 0 | B8: ='ELENCO ATLETI'!E23 -> 0 | C8: ='ELENCO ATLETI'!F23 -> 0 | D8: ='ELENCO ATLETI'!G23 -> 0 | E8: M | F8: =SUBSTITUTE(SUBSTITUTE(SUBSTITUTE(SUBSTITUTE(SUBSTITUTE(SUBSTITUTE(UPPER(A8)," ",""),"U",""),"O",""),"I",""),"E",""),"A","") -> 0 | G8: =SUBSTITUTE(SUBSTITUTE(SUBSTITUTE(SUBSTITUTE(SUBSTITUTE(SUBSTITUTE(UPPER(A8)," ",""),"G",""),"F",""),"D",""),"C",""),"B","") -> 0 | H8: =SUBSTITUTE(SUBSTITUTE(SUBSTITUTE(SUBSTITUTE(SUBSTITUTE(SUBSTITUTE(UPPER(G8)," ",""),"M",""),"L",""),"K",""),"J",""),"H","") -> 0 | I8: =SUBSTITUTE(SUBSTITUTE(SUBSTITUTE(SUBSTITUTE(SUBSTITUTE(SUBSTITUTE(UPPER(H8)," ",""),"S",""),"R",""),"Q",""),"P",""),"N","") -> 0 | J8: =SUBSTITUTE(SUBSTITUTE(SUBSTITUTE(SUBSTITUTE(SUBSTITUTE(SUBSTITUTE(SUBSTITUTE(UPPER(I8)," ",""),"Z",""),"W",""),"X",""),"W",""),"V",""),"T","") -> 0 | K8: =IF(LEN(IF(LEN(F8)>=3,LEFT(F8,3),IF(LEN(F8)=2,F8 & LEFT(J8,1),F8 & LEFT(J8,2))))=2,IF(LEN(F8)>=3,LEFT(F8,3),IF(LEN(F8)=2,F8 & LEFT(J8,1),F8 & LEFT(J8,2))) & "X",IF(LEN(F8)>=3,LEFT(F8,3),IF(LEN(F8)=2,F8 & LEFT(J8,1),F8 & LEFT(J8,2)))) -> 00X | L8: =(VLOOKUP(LEFT(K8,1),[1]CONTROLLO!$A$3:$B$38,2,FALSE)) + (VLOOKUP(MID(K8,2,1),[1]CONTROLLO!$D$3:$E$38,2,FALSE)) + (VLOOKUP(RIGHT(K8,1),[1]CONTROLLO!$A$3:$B$38,2,FALSE)) -> #N/A | M8: =SUBSTITUTE(SUBSTITUTE(SUBSTITUTE(SUBSTITUTE(SUBSTITUTE(SUBSTITUTE(UPPER(B8)," ",""),"U",""),"O",""),"I",""),"E",""),"A","") -> 0 | N8: =SUBSTITUTE(SUBSTITUTE(SUBSTITUTE(SUBSTITUTE(SUBSTITUTE(SUBSTITUTE(UPPER(B8)," ",""),"G",""),"F",""),"D",""),"C",""),"B","") -> 0 | O8: =SUBSTITUTE(SUBSTITUTE(SUBSTITUTE(SUBSTITUTE(SUBSTITUTE(SUBSTITUTE(UPPER(N8)," ",""),"M",""),"L",""),"K",""),"J",""),"H","") -> 0 | P8: =SUBSTITUTE(SUBSTITUTE(SUBSTITUTE(SUBSTITUTE(SUBSTITUTE(SUBSTITUTE(UPPER(O8)," ",""),"S",""),"R",""),"Q",""),"P",""),"N","") -> 0 | Q8: =SUBSTITUTE(SUBSTITUTE(SUBSTITUTE(SUBSTITUTE(SUBSTITUTE(SUBSTITUTE(SUBSTITUTE(UPPER(P8)," ",""),"Z",""),"W",""),"X",""),"W",""),"V",""),"T","") -> 0 | R8: =IF(LEN(IF(LEN(M8)>3,MID(M8,1,1) & MID(M8,3,1) & MID(M8,4,1),IF(LEN(M8)=3,M8,IF(LEN(M8)=2,M8 & LEFT(Q8,1),M8 & LEFT(Q8,2)))))=2,IF(LEN(M8)>3,MID(M8,1,1) & MID(M8,3,1) & MID(M8,4,1),IF(LEN(M8)=3,M8,IF(LEN(M8)=2,M8 & LEFT(Q8,1),M8 & LEFT(Q8,2)))) & "X",IF(LEN(M8)>3,MID(M8,1,1) & MID(M8,3,1) & MID(M8,4,1),IF(LEN(M8)=3,M8,IF(LEN(M8)=2,M8 & LEFT(Q8,1),M8 & LEFT(Q8,2))))) -> 00X | S8: =(VLOOKUP(LEFT(R8,1),[1]CONTROLLO!$D$3:$E$38,2,FALSE)) + (VLOOKUP(MID(R8,2,1),[1]CONTROLLO!$A$3:$B$38,2,FALSE)) + (VLOOKUP(RIGHT(R8,1),[1]CONTROLLO!$D$3:$E$38,2,FALSE)) -> #N/A | T8: =IF(C8="","",VLOOKUP(C8,[1]COMUNI!$A$2:$C$13867,2,FALSE)) -> #N/A | U8: =(VLOOKUP(IF(LEFT(T8,1)="0","ZERO",LEFT(T8,1)),[1]CONTROLLO!$D$3:$E$38,2,FALSE)) + (VLOOKUP(IF(MID(T8,2,1)="0","ZERO",MID(T8,2,1)),[1]CONTROLLO!$A$3:$B$38,2,FALSE)) + (VLOOKUP(IF(MID(T8,3,1)="0","ZERO",MID(T8,3,1)),[1]CONTROLLO!$D$3:$E$38,2,FALSE)) + (VLOOKUP(IF(RIGHT(T8,1)="0","ZERO",RIGHT(T8,1)),[1]CONTROLLO!$A$3:$B$38,2,FALSE)) -> #N/A | V8: =RIGHT(TEXT(D8,"gg/mm/aaaa"),2) -> 00 | W8: =VLOOKUP(MID(TEXT(D8,"gg/mm/aaaa"),4,2),[1]MESI!$A$2:$B$13,2,FALSE) -> A | X8: =IF(E8="M",LEFT(TEXT(D8,"gg/mm/aaaa"),2),IF(E8="F",LEFT(TEXT(D8,"gg/mm/aaaa"),2)+40,"")) -> 00 | Y8: =IF(X8="","",V8&W8&X8) -> 00A00 | Z8: =(VLOOKUP(IF(LEFT(Y8,1)="0","ZERO",LEFT(Y8,1)),[1]CONTROLLO!$A$3:$B$38,2,FALSE)) + (VLOOKUP(IF(MID(Y8,2,1)="0","ZERO",MID(Y8,2,1)),[1]CONTROLLO!$D$3:$E$38,2,FALSE)) + (VLOOKUP(IF(MID(Y8,3,1)="0","ZERO",MID(Y8,3,1)),[1]CONTROLLO!$A$3:$B$38,2,FALSE)) + (VLOOKUP(IF(MID(Y8,4,1)="0","ZERO",MID(Y8,4,1)),[1]CONTROLLO!$D$3:$E$38,2,FALSE)) + (VLOOKUP(IF(RIGHT(Y8,1)="0","ZERO",RIGHT(Y8,1)),[1]CONTROLLO!$A$3:$B$38,2,FALSE)) -> 3 | AA8: =VLOOKUP(IF(TEXT(MOD(L8+S8+U8+Z8,26),"#")="0","ZERO",IF(TEXT(MOD(L8+S8+U8+Z8,26),"#")="","ZERO",TEXT(MOD(L8+S8+U8+Z8,26),"#"))),[1]CONTROLLO!$G$3:$H$28,2,FALSE) -> #N/A | AB8: =IF(K8<>"",IF(R8<>"",IF(T8<>"",IF(Y8<>"",IF(AA8<>"",K8&R8&Y8&T8&AA8,""),""),""),""),"") -> #N/A
A9: ='ELENCO ATLETI'!D24 -> 0 | B9: ='ELENCO ATLETI'!E24 -> 0 | C9: ='ELENCO ATLETI'!F24 -> 0 | D9: ='ELENCO ATLETI'!G24 -> 0 | E9: M | F9: =SUBSTITUTE(SUBSTITUTE(SUBSTITUTE(SUBSTITUTE(SUBSTITUTE(SUBSTITUTE(UPPER(A9)," ",""),"U",""),"O",""),"I",""),"E",""),"A","") -> 0 | G9: =SUBSTITUTE(SUBSTITUTE(SUBSTITUTE(SUBSTITUTE(SUBSTITUTE(SUBSTITUTE(UPPER(A9)," ",""),"G",""),"F",""),"D",""),"C",""),"B","") -> 0 | H9: =SUBSTITUTE(SUBSTITUTE(SUBSTITUTE(SUBSTITUTE(SUBSTITUTE(SUBSTITUTE(UPPER(G9)," ",""),"M",""),"L",""),"K",""),"J",""),"H","") -> 0 | I9: =SUBSTITUTE(SUBSTITUTE(SUBSTITUTE(SUBSTITUTE(SUBSTITUTE(SUBSTITUTE(UPPER(H9)," ",""),"S",""),"R",""),"Q",""),"P",""),"N","") -> 0 | J9: =SUBSTITUTE(SUBSTITUTE(SUBSTITUTE(SUBSTITUTE(SUBSTITUTE(SUBSTITUTE(SUBSTITUTE(UPPER(I9)," ",""),"Z",""),"W",""),"X",""),"W",""),"V",""),"T","") -> 0 | K9: =IF(LEN(IF(LEN(F9)>=3,LEFT(F9,3),IF(LEN(F9)=2,F9 & LEFT(J9,1),F9 & LEFT(J9,2))))=2,IF(LEN(F9)>=3,LEFT(F9,3),IF(LEN(F9)=2,F9 & LEFT(J9,1),F9 & LEFT(J9,2))) & "X",IF(LEN(F9)>=3,LEFT(F9,3),IF(LEN(F9)=2,F9 & LEFT(J9,1),F9 & LEFT(J9,2)))) -> 00X | L9: =(VLOOKUP(LEFT(K9,1),[1]CONTROLLO!$A$3:$B$38,2,FALSE)) + (VLOOKUP(MID(K9,2,1),[1]CONTROLLO!$D$3:$E$38,2,FALSE)) + (VLOOKUP(RIGHT(K9,1),[1]CONTROLLO!$A$3:$B$38,2,FALSE)) -> #N/A | M9: =SUBSTITUTE(SUBSTITUTE(SUBSTITUTE(SUBSTITUTE(SUBSTITUTE(SUBSTITUTE(UPPER(B9)," ",""),"U",""),"O",""),"I",""),"E",""),"A","") -> 0 | N9: =SUBSTITUTE(SUBSTITUTE(SUBSTITUTE(SUBSTITUTE(SUBSTITUTE(SUBSTITUTE(UPPER(B9)," ",""),"G",""),"F",""),"D",""),"C",""),"B","") -> 0 | O9: =SUBSTITUTE(SUBSTITUTE(SUBSTITUTE(SUBSTITUTE(SUBSTITUTE(SUBSTITUTE(UPPER(N9)," ",""),"M",""),"L",""),"K",""),"J",""),"H","") -> 0 | P9: =SUBSTITUTE(SUBSTITUTE(SUBSTITUTE(SUBSTITUTE(SUBSTITUTE(SUBSTITUTE(UPPER(O9)," ",""),"S",""),"R",""),"Q",""),"P",""),"N","") -> 0 | Q9: =SUBSTITUTE(SUBSTITUTE(SUBSTITUTE(SUBSTITUTE(SUBSTITUTE(SUBSTITUTE(SUBSTITUTE(UPPER(P9)," ",""),"Z",""),"W",""),"X",""),"W",""),"V",""),"T","") -> 0 | R9: =IF(LEN(IF(LEN(M9)>3,MID(M9,1,1) & MID(M9,3,1) & MID(M9,4,1),IF(LEN(M9)=3,M9,IF(LEN(M9)=2,M9 & LEFT(Q9,1),M9 & LEFT(Q9,2)))))=2,IF(LEN(M9)>3,MID(M9,1,1) & MID(M9,3,1) & MID(M9,4,1),IF(LEN(M9)=3,M9,IF(LEN(M9)=2,M9 & LEFT(Q9,1),M9 & LEFT(Q9,2)))) & "X",IF(LEN(M9)>3,MID(M9,1,1) & MID(M9,3,1) & MID(M9,4,1),IF(LEN(M9)=3,M9,IF(LEN(M9)=2,M9 & LEFT(Q9,1),M9 & LEFT(Q9,2))))) -> 00X | S9: =(VLOOKUP(LEFT(R9,1),[1]CONTROLLO!$D$3:$E$38,2,FALSE)) + (VLOOKUP(MID(R9,2,1),[1]CONTROLLO!$A$3:$B$38,2,FALSE)) + (VLOOKUP(RIGHT(R9,1),[1]CONTROLLO!$D$3:$E$38,2,FALSE)) -> #N/A | T9: =IF(C9="","",VLOOKUP(C9,[1]COMUNI!$A$2:$C$13867,2,FALSE)) -> #N/A | U9: =(VLOOKUP(IF(LEFT(T9,1)="0","ZERO",LEFT(T9,1)),[1]CONTROLLO!$D$3:$E$38,2,FALSE)) + (VLOOKUP(IF(MID(T9,2,1)="0","ZERO",MID(T9,2,1)),[1]CONTROLLO!$A$3:$B$38,2,FALSE)) + (VLOOKUP(IF(MID(T9,3,1)="0","ZERO",MID(T9,3,1)),[1]CONTROLLO!$D$3:$E$38,2,FALSE)) + (VLOOKUP(IF(RIGHT(T9,1)="0","ZERO",RIGHT(T9,1)),[1]CONTROLLO!$A$3:$B$38,2,FALSE)) -> #N/A | V9: =RIGHT(TEXT(D9,"gg/mm/aaaa"),2) -> 00 | W9: =VLOOKUP(MID(TEXT(D9,"gg/mm/aaaa"),4,2),[1]MESI!$A$2:$B$13,2,FALSE) -> A | X9: =IF(E9="M",LEFT(TEXT(D9,"gg/mm/aaaa"),2),IF(E9="F",LEFT(TEXT(D9,"gg/mm/aaaa"),2)+40,"")) -> 00 | Y9: =IF(X9="","",V9&W9&X9) -> 00A00 | Z9: =(VLOOKUP(IF(LEFT(Y9,1)="0","ZERO",LEFT(Y9,1)),[1]CONTROLLO!$A$3:$B$38,2,FALSE)) + (VLOOKUP(IF(MID(Y9,2,1)="0","ZERO",MID(Y9,2,1)),[1]CONTROLLO!$D$3:$E$38,2,FALSE)) + (VLOOKUP(IF(MID(Y9,3,1)="0","ZERO",MID(Y9,3,1)),[1]CONTROLLO!$A$3:$B$38,2,FALSE)) + (VLOOKUP(IF(MID(Y9,4,1)="0","ZERO",MID(Y9,4,1)),[1]CONTROLLO!$D$3:$E$38,2,FALSE)) + (VLOOKUP(IF(RIGHT(Y9,1)="0","ZERO",RIGHT(Y9,1)),[1]CONTROLLO!$A$3:$B$38,2,FALSE)) -> 3 | AA9: =VLOOKUP(IF(TEXT(MOD(L9+S9+U9+Z9,26),"#")="0","ZERO",IF(TEXT(MOD(L9+S9+U9+Z9,26),"#")="","ZERO",TEXT(MOD(L9+S9+U9+Z9,26),"#"))),[1]CONTROLLO!$G$3:$H$28,2,FALSE) -> #N/A | AB9: =IF(K9<>"",IF(R9<>"",IF(T9<>"",IF(Y9<>"",IF(AA9<>"",K9&R9&Y9&T9&AA9,""),""),""),""),"") -> #N/A
A10: ='ELENCO ATLETI'!#REF! -> #REF! | B10: ='ELENCO ATLETI'!#REF! -> #REF! | C10: ='ELENCO ATLETI'!#REF! -> #REF! | D10: ='ELENCO ATLETI'!#REF! -> #REF! | E10: M | F10: =SUBSTITUTE(SUBSTITUTE(SUBSTITUTE(SUBSTITUTE(SUBSTITUTE(SUBSTITUTE(UPPER(A10)," ",""),"U",""),"O",""),"I",""),"E",""),"A","") -> #REF! | G10: =SUBSTITUTE(SUBSTITUTE(SUBSTITUTE(SUBSTITUTE(SUBSTITUTE(SUBSTITUTE(UPPER(A10)," ",""),"G",""),"F",""),"D",""),"C",""),"B","") -> #REF! | H10: =SUBSTITUTE(SUBSTITUTE(SUBSTITUTE(SUBSTITUTE(SUBSTITUTE(SUBSTITUTE(UPPER(G10)," ",""),"M",""),"L",""),"K",""),"J",""),"H","") -> #REF! | I10: =SUBSTITUTE(SUBSTITUTE(SUBSTITUTE(SUBSTITUTE(SUBSTITUTE(SUBSTITUTE(UPPER(H10)," ",""),"S",""),"R",""),"Q",""),"P",""),"N","") -> #REF! | J10: =SUBSTITUTE(SUBSTITUTE(SUBSTITUTE(SUBSTITUTE(SUBSTITUTE(SUBSTITUTE(SUBSTITUTE(UPPER(I10)," ",""),"Z",""),"W",""),"X",""),"W",""),"V",""),"T","") -> #REF! | K10: =IF(LEN(IF(LEN(F10)>=3,LEFT(F10,3),IF(LEN(F10)=2,F10 & LEFT(J10,1),F10 & LEFT(J10,2))))=2,IF(LEN(F10)>=3,LEFT(F10,3),IF(LEN(F10)=2,F10 & LEFT(J10,1),F10 & LEFT(J10,2))) & "X",IF(LEN(F10)>=3,LEFT(F10,3),IF(LEN(F10)=2,F10 & LEFT(J10,1),F10 & LEFT(J10,2)))) -> #REF! | L10: =(VLOOKUP(LEFT(K10,1),[1]CONTROLLO!$A$3:$B$38,2,FALSE)) + (VLOOKUP(MID(K10,2,1),[1]CONTROLLO!$D$3:$E$38,2,FALSE)) + (VLOOKUP(RIGHT(K10,1),[1]CONTROLLO!$A$3:$B$38,2,FALSE)) -> #REF! | M10: =SUBSTITUTE(SUBSTITUTE(SUBSTITUTE(SUBSTITUTE(SUBSTITUTE(SUBSTITUTE(UPPER(B10)," ",""),"U",""),"O",""),"I",""),"E",""),"A","") -> #REF! | N10: =SUBSTITUTE(SUBSTITUTE(SUBSTITUTE(SUBSTITUTE(SUBSTITUTE(SUBSTITUTE(UPPER(B10)," ",""),"G",""),"F",""),"D",""),"C",""),"B","") -> #REF! | O10: =SUBSTITUTE(SUBSTITUTE(SUBSTITUTE(SUBSTITUTE(SUBSTITUTE(SUBSTITUTE(UPPER(N10)," ",""),"M",""),"L",""),"K",""),"J",""),"H","") -> #REF! | P10: =SUBSTITUTE(SUBSTITUTE(SUBSTITUTE(SUBSTITUTE(SUBSTITUTE(SUBSTITUTE(UPPER(O10)," ",""),"S",""),"R",""),"Q",""),"P",""),"N","") -> #REF! | Q10: =SUBSTITUTE(SUBSTITUTE(SUBSTITUTE(SUBSTITUTE(SUBSTITUTE(SUBSTITUTE(SUBSTITUTE(UPPER(P10)," ",""),"Z",""),"W",""),"X",""),"W",""),"V",""),"T","") -> #REF! | R10: =IF(LEN(IF(LEN(M10)>3,MID(M10,1,1) & MID(M10,3,1) & MID(M10,4,1),IF(LEN(M10)=3,M10,IF(LEN(M10)=2,M10 & LEFT(Q10,1),M10 & LEFT(Q10,2)))))=2,IF(LEN(M10)>3,MID(M10,1,1) & MID(M10,3,1) & MID(M10,4,1),IF(LEN(M10)=3,M10,IF(LEN(M10)=2,M10 & LEFT(Q10,1),M10 & LEFT(Q10,2)))) & "X",IF(LEN(M10)>3,MID(M10,1,1) & MID(M10,3,1) & MID(M10,4,1),IF(LEN(M10)=3,M10,IF(LEN(M10)=2,M10 & LEFT(Q10,1),M10 & LEFT(Q10,2))))) -> #REF! | S10: =(VLOOKUP(LEFT(R10,1),[1]CONTROLLO!$D$3:$E$38,2,FALSE)) + (VLOOKUP(MID(R10,2,1),[1]CONTROLLO!$A$3:$B$38,2,FALSE)) + (VLOOKUP(RIGHT(R10,1),[1]CONTROLLO!$D$3:$E$38,2,FALSE)) -> #REF! | T10: =IF(C10="","",VLOOKUP(C10,[1]COMUNI!$A$2:$C$13867,2,FALSE)) -> #REF! | U10: =(VLOOKUP(IF(LEFT(T10,1)="0","ZERO",LEFT(T10,1)),[1]CONTROLLO!$D$3:$E$38,2,FALSE)) + (VLOOKUP(IF(MID(T10,2,1)="0","ZERO",MID(T10,2,1)),[1]CONTROLLO!$A$3:$B$38,2,FALSE)) + (VLOOKUP(IF(MID(T10,3,1)="0","ZERO",MID(T10,3,1)),[1]CONTROLLO!$D$3:$E$38,2,FALSE)) + (VLOOKUP(IF(RIGHT(T10,1)="0","ZERO",RIGHT(T10,1)),[1]CONTROLLO!$A$3:$B$38,2,FALSE)) -> #REF! | V10: =RIGHT(TEXT(D10,"gg/mm/aaaa"),2) -> #REF! | W10: =VLOOKUP(MID(TEXT(D10,"gg/mm/aaaa"),4,2),[1]MESI!$A$2:$B$13,2,FALSE) -> #REF! | X10: =IF(E10="M",LEFT(TEXT(D10,"gg/mm/aaaa"),2),IF(E10="F",LEFT(TEXT(D10,"gg/mm/aaaa"),2)+40,"")) -> #REF! | Y10: =IF(X10="","",V10&W10&X10) -> #REF! | Z10: =(VLOOKUP(IF(LEFT(Y10,1)="0","ZERO",LEFT(Y10,1)),[1]CONTROLLO!$A$3:$B$38,2,FALSE)) + (VLOOKUP(IF(MID(Y10,2,1)="0","ZERO",MID(Y10,2,1)),[1]CONTROLLO!$D$3:$E$38,2,FALSE)) + (VLOOKUP(IF(MID(Y10,3,1)="0","ZERO",MID(Y10,3,1)),[1]CONTROLLO!$A$3:$B$38,2,FALSE)) + (VLOOKUP(IF(MID(Y10,4,1)="0","ZERO",MID(Y10,4,1)),[1]CONTROLLO!$D$3:$E$38,2,FALSE)) + (VLOOKUP(IF(RIGHT(Y10,1)="0","ZERO",RIGHT(Y10,1)),[1]CONTROLLO!$A$3:$B$38,2,FALSE)) -> #REF! | AA10: =VLOOKUP(IF(TEXT(MOD(L10+S10+U10+Z10,26),"#")="0","ZERO",IF(TEXT(MOD(L10+S10+U10+Z10,26),"#")="","ZERO",TEXT(MOD(L10+S10+U10+Z10,26),"#"))),[1]CONTROLLO!$G$3:$H$28,2,FALSE) -> #REF! | AB10: =IF(K10<>"",IF(R10<>"",IF(T10<>"",IF(Y10<>"",IF(AA10<>"",K10&R10&Y10&T10&AA10,""),""),""),""),"") -> #REF!
A11: ='ELENCO ATLETI'!#REF! -> #REF! | B11: ='ELENCO ATLETI'!#REF! -> #REF! | C11: ='ELENCO ATLETI'!#REF! -> #REF! | D11: ='ELENCO ATLETI'!#REF! -> #REF! | E11: M | F11: =SUBSTITUTE(SUBSTITUTE(SUBSTITUTE(SUBSTITUTE(SUBSTITUTE(SUBSTITUTE(UPPER(A11)," ",""),"U",""),"O",""),"I",""),"E",""),"A","") -> #REF! | G11: =SUBSTITUTE(SUBSTITUTE(SUBSTITUTE(SUBSTITUTE(SUBSTITUTE(SUBSTITUTE(UPPER(A11)," ",""),"G",""),"F",""),"D",""),"C",""),"B","") -> #REF! | H11: =SUBSTITUTE(SUBSTITUTE(SUBSTITUTE(SUBSTITUTE(SUBSTITUTE(SUBSTITUTE(UPPER(G11)," ",""),"M",""),"L",""),"K",""),"J",""),"H","") -> #REF! | I11: =SUBSTITUTE(SUBSTITUTE(SUBSTITUTE(SUBSTITUTE(SUBSTITUTE(SUBSTITUTE(UPPER(H11)," ",""),"S",""),"R",""),"Q",""),"P",""),"N","") -> #REF! | J11: =SUBSTITUTE(SUBSTITUTE(SUBSTITUTE(SUBSTITUTE(SUBSTITUTE(SUBSTITUTE(SUBSTITUTE(UPPER(I11)," ",""),"Z",""),"W",""),"X",""),"W",""),"V",""),"T","") -> #REF! | K11: =IF(LEN(IF(LEN(F11)>=3,LEFT(F11,3),IF(LEN(F11)=2,F11 & LEFT(J11,1),F11 & LEFT(J11,2))))=2,IF(LEN(F11)>=3,LEFT(F11,3),IF(LEN(F11)=2,F11 & LEFT(J11,1),F11 & LEFT(J11,2))) & "X",IF(LEN(F11)>=3,LEFT(F11,3),IF(LEN(F11)=2,F11 & LEFT(J11,1),F11 & LEFT(J11,2)))) -> #REF! | L11: =(VLOOKUP(LEFT(K11,1),[1]CONTROLLO!$A$3:$B$38,2,FALSE)) + (VLOOKUP(MID(K11,2,1),[1]CONTROLLO!$D$3:$E$38,2,FALSE)) + (VLOOKUP(RIGHT(K11,1),[1]CONTROLLO!$A$3:$B$38,2,FALSE)) -> #REF! | M11: =SUBSTITUTE(SUBSTITUTE(SUBSTITUTE(SUBSTITUTE(SUBSTITUTE(SUBSTITUTE(UPPER(B11)," ",""),"U",""),"O",""),"I",""),"E",""),"A","") -> #REF! | N11: =SUBSTITUTE(SUBSTITUTE(SUBSTITUTE(SUBSTITUTE(SUBSTITUTE(SUBSTITUTE(UPPER(B11)," ",""),"G",""),"F",""),"D",""),"C",""),"B","") -> #REF! | O11: =SUBSTITUTE(SUBSTITUTE(SUBSTITUTE(SUBSTITUTE(SUBSTITUTE(SUBSTITUTE(UPPER(N11)," ",""),"M",""),"L",""),"K",""),"J",""),"H","") -> #REF! | P11: =SUBSTITUTE(SUBSTITUTE(SUBSTITUTE(SUBSTITUTE(SUBSTITUTE(SUBSTITUTE(UPPER(O11)," ",""),"S",""),"R",""),"Q",""),"P",""),"N","") -> #REF! | Q11: =SUBSTITUTE(SUBSTITUTE(SUBSTITUTE(SUBSTITUTE(SUBSTITUTE(SUBSTITUTE(SUBSTITUTE(UPPER(P11)," ",""),"Z",""),"W",""),"X",""),"W",""),"V",""),"T","") -> #REF! | R11: =IF(LEN(IF(LEN(M11)>3,MID(M11,1,1) & MID(M11,3,1) & MID(M11,4,1),IF(LEN(M11)=3,M11,IF(LEN(M11)=2,M11 & LEFT(Q11,1),M11 & LEFT(Q11,2)))))=2,IF(LEN(M11)>3,MID(M11,1,1) & MID(M11,3,1) & MID(M11,4,1),IF(LEN(M11)=3,M11,IF(LEN(M11)=2,M11 & LEFT(Q11,1),M11 & LEFT(Q11,2)))) & "X",IF(LEN(M11)>3,MID(M11,1,1) & MID(M11,3,1) & MID(M11,4,1),IF(LEN(M11)=3,M11,IF(LEN(M11)=2,M11 & LEFT(Q11,1),M11 & LEFT(Q11,2))))) -> #REF! | S11: =(VLOOKUP(LEFT(R11,1),[1]CONTROLLO!$D$3:$E$38,2,FALSE)) + (VLOOKUP(MID(R11,2,1),[1]CONTROLLO!$A$3:$B$38,2,FALSE)) + (VLOOKUP(RIGHT(R11,1),[1]CONTROLLO!$D$3:$E$38,2,FALSE)) -> #REF! | T11: =IF(C11="","",VLOOKUP(C11,[1]COMUNI!$A$2:$C$13867,2,FALSE)) -> #REF! | U11: =(VLOOKUP(IF(LEFT(T11,1)="0","ZERO",LEFT(T11,1)),[1]CONTROLLO!$D$3:$E$38,2,FALSE)) + (VLOOKUP(IF(MID(T11,2,1)="0","ZERO",MID(T11,2,1)),[1]CONTROLLO!$A$3:$B$38,2,FALSE)) + (VLOOKUP(IF(MID(T11,3,1)="0","ZERO",MID(T11,3,1)),[1]CONTROLLO!$D$3:$E$38,2,FALSE)) + (VLOOKUP(IF(RIGHT(T11,1)="0","ZERO",RIGHT(T11,1)),[1]CONTROLLO!$A$3:$B$38,2,FALSE)) -> #REF! | V11: =RIGHT(TEXT(D11,"gg/mm/aaaa"),2) -> #REF! | W11: =VLOOKUP(MID(TEXT(D11,"gg/mm/aaaa"),4,2),[1]MESI!$A$2:$B$13,2,FALSE) -> #REF! | X11: =IF(E11="M",LEFT(TEXT(D11,"gg/mm/aaaa"),2),IF(E11="F",LEFT(TEXT(D11,"gg/mm/aaaa"),2)+40,"")) -> #REF! | Y11: =IF(X11="","",V11&W11&X11) -> #REF! | Z11: =(VLOOKUP(IF(LEFT(Y11,1)="0","ZERO",LEFT(Y11,1)),[1]CONTROLLO!$A$3:$B$38,2,FALSE)) + (VLOOKUP(IF(MID(Y11,2,1)="0","ZERO",MID(Y11,2,1)),[1]CONTROLLO!$D$3:$E$38,2,FALSE)) + (VLOOKUP(IF(MID(Y11,3,1)="0","ZERO",MID(Y11,3,1)),[1]CONTROLLO!$A$3:$B$38,2,FALSE)) + (VLOOKUP(IF(MID(Y11,4,1)="0","ZERO",MID(Y11,4,1)),[1]CONTROLLO!$D$3:$E$38,2,FALSE)) + (VLOOKUP(IF(RIGHT(Y11,1)="0","ZERO",RIGHT(Y11,1)),[1]CONTROLLO!$A$3:$B$38,2,FALSE)) -> #REF! | AA11: =VLOOKUP(IF(TEXT(MOD(L11+S11+U11+Z11,26),"#")="0","ZERO",IF(TEXT(MOD(L11+S11+U11+Z11,26),"#")="","ZERO",TEXT(MOD(L11+S11+U11+Z11,26),"#"))),[1]CONTROLLO!$G$3:$H$28,2,FALSE) -> #REF! | AB11: =IF(K11<>"",IF(R11<>"",IF(T11<>"",IF(Y11<>"",IF(AA11<>"",K11&R11&Y11&T11&AA11,""),""),""),""),"") -> #REF!
A12: ='ELENCO ATLETI'!#REF! -> #REF! | B12: ='ELENCO ATLETI'!#REF! -> #REF! | C12: ='ELENCO ATLETI'!#REF! -> #REF! | D12: ='ELENCO ATLETI'!#REF! -> #REF! | E12: M | F12: =SUBSTITUTE(SUBSTITUTE(SUBSTITUTE(SUBSTITUTE(SUBSTITUTE(SUBSTITUTE(UPPER(A12)," ",""),"U",""),"O",""),"I",""),"E",""),"A","") -> #REF! | G12: =SUBSTITUTE(SUBSTITUTE(SUBSTITUTE(SUBSTITUTE(SUBSTITUTE(SUBSTITUTE(UPPER(A12)," ",""),"G",""),"F",""),"D",""),"C",""),"B","") -> #REF! | H12: =SUBSTITUTE(SUBSTITUTE(SUBSTITUTE(SUBSTITUTE(SUBSTITUTE(SUBSTITUTE(UPPER(G12)," ",""),"M",""),"L",""),"K",""),"J",""),"H","") -> #REF! | I12: =SUBSTITUTE(SUBSTITUTE(SUBSTITUTE(SUBSTITUTE(SUBSTITUTE(SUBSTITUTE(UPPER(H12)," ",""),"S",""),"R",""),"Q",""),"P",""),"N","") -> #REF! | J12: =SUBSTITUTE(SUBSTITUTE(SUBSTITUTE(SUBSTITUTE(SUBSTITUTE(SUBSTITUTE(SUBSTITUTE(UPPER(I12)," ",""),"Z",""),"W",""),"X",""),"W",""),"V",""),"T","") -> #REF! | K12: =IF(LEN(IF(LEN(F12)>=3,LEFT(F12,3),IF(LEN(F12)=2,F12 & LEFT(J12,1),F12 & LEFT(J12,2))))=2,IF(LEN(F12)>=3,LEFT(F12,3),IF(LEN(F12)=2,F12 & LEFT(J12,1),F12 & LEFT(J12,2))) & "X",IF(LEN(F12)>=3,LEFT(F12,3),IF(LEN(F12)=2,F12 & LEFT(J12,1),F12 & LEFT(J12,2)))) -> #REF! | L12: =(VLOOKUP(LEFT(K12,1),[1]CONTROLLO!$A$3:$B$38,2,FALSE)) + (VLOOKUP(MID(K12,2,1),[1]CONTROLLO!$D$3:$E$38,2,FALSE)) + (VLOOKUP(RIGHT(K12,1),[1]CONTROLLO!$A$3:$B$38,2,FALSE)) -> #REF! | M12: =SUBSTITUTE(SUBSTITUTE(SUBSTITUTE(SUBSTITUTE(SUBSTITUTE(SUBSTITUTE(UPPER(B12)," ",""),"U",""),"O",""),"I",""),"E",""),"A","") -> #REF! | N12: =SUBSTITUTE(SUBSTITUTE(SUBSTITUTE(SUBSTITUTE(SUBSTITUTE(SUBSTITUTE(UPPER(B12)," ",""),"G",""),"F",""),"D",""),"C",""),"B","") -> #REF! | O12: =SUBSTITUTE(SUBSTITUTE(SUBSTITUTE(SUBSTITUTE(SUBSTITUTE(SUBSTITUTE(UPPER(N12)," ",""),"M",""),"L",""),"K",""),"J",""),"H","") -> #REF! | P12: =SUBSTITUTE(SUBSTITUTE(SUBSTITUTE(SUBSTITUTE(SUBSTITUTE(SUBSTITUTE(UPPER(O12)," ",""),"S",""),"R",""),"Q",""),"P",""),"N","") -> #REF! | Q12: =SUBSTITUTE(SUBSTITUTE(SUBSTITUTE(SUBSTITUTE(SUBSTITUTE(SUBSTITUTE(SUBSTITUTE(UPPER(P12)," ",""),"Z",""),"W",""),"X",""),"W",""),"V",""),"T","") -> #REF! | R12: =IF(LEN(IF(LEN(M12)>3,MID(M12,1,1) & MID(M12,3,1) & MID(M12,4,1),IF(LEN(M12)=3,M12,IF(LEN(M12)=2,M12 & LEFT(Q12,1),M12 & LEFT(Q12,2)))))=2,IF(LEN(M12)>3,MID(M12,1,1) & MID(M12,3,1) & MID(M12,4,1),IF(LEN(M12)=3,M12,IF(LEN(M12)=2,M12 & LEFT(Q12,1),M12 & LEFT(Q12,2)))) & "X",IF(LEN(M12)>3,MID(M12,1,1) & MID(M12,3,1) & MID(M12,4,1),IF(LEN(M12)=3,M12,IF(LEN(M12)=2,M12 & LEFT(Q12,1),M12 & LEFT(Q12,2))))) -> #REF! | S12: =(VLOOKUP(LEFT(R12,1),[1]CONTROLLO!$D$3:$E$38,2,FALSE)) + (VLOOKUP(MID(R12,2,1),[1]CONTROLLO!$A$3:$B$38,2,FALSE)) + (VLOOKUP(RIGHT(R12,1),[1]CONTROLLO!$D$3:$E$38,2,FALSE)) -> #REF! | T12: =IF(C12="","",VLOOKUP(C12,[1]COMUNI!$A$2:$C$13867,2,FALSE)) -> #REF! | U12: =(VLOOKUP(IF(LEFT(T12,1)="0","ZERO",LEFT(T12,1)),[1]CONTROLLO!$D$3:$E$38,2,FALSE)) + (VLOOKUP(IF(MID(T12,2,1)="0","ZERO",MID(T12,2,1)),[1]CONTROLLO!$A$3:$B$38,2,FALSE)) + (VLOOKUP(IF(MID(T12,3,1)="0","ZERO",MID(T12,3,1)),[1]CONTROLLO!$D$3:$E$38,2,FALSE)) + (VLOOKUP(IF(RIGHT(T12,1)="0","ZERO",RIGHT(T12,1)),[1]CONTROLLO!$A$3:$B$38,2,FALSE)) -> #REF! | V12: =RIGHT(TEXT(D12,"gg/mm/aaaa"),2) -> #REF! | W12: =VLOOKUP(MID(TEXT(D12,"gg/mm/aaaa"),4,2),[1]MESI!$A$2:$B$13,2,FALSE) -> #REF! | X12: =IF(E12="M",LEFT(TEXT(D12,"gg/mm/aaaa"),2),IF(E12="F",LEFT(TEXT(D12,"gg/mm/aaaa"),2)+40,"")) -> #REF! | Y12: =IF(X12="","",V12&W12&X12) -> #REF! | Z12: =(VLOOKUP(IF(LEFT(Y12,1)="0","ZERO",LEFT(Y12,1)),[1]CONTROLLO!$A$3:$B$38,2,FALSE)) + (VLOOKUP(IF(MID(Y12,2,1)="0","ZERO",MID(Y12,2,1)),[1]CONTROLLO!$D$3:$E$38,2,FALSE)) + (VLOOKUP(IF(MID(Y12,3,1)="0","ZERO",MID(Y12,3,1)),[1]CONTROLLO!$A$3:$B$38,2,FALSE)) + (VLOOKUP(IF(MID(Y12,4,1)="0","ZERO",MID(Y12,4,1)),[1]CONTROLLO!$D$3:$E$38,2,FALSE)) + (VLOOKUP(IF(RIGHT(Y12,1)="0","ZERO",RIGHT(Y12,1)),[1]CONTROLLO!$A$3:$B$38,2,FALSE)) -> #REF! | AA12: =VLOOKUP(IF(TEXT(MOD(L12+S12+U12+Z12,26),"#")="0","ZERO",IF(TEXT(MOD(L12+S12+U12+Z12,26),"#")="","ZERO",TEXT(MOD(L12+S12+U12+Z12,26),"#"))),[1]CONTROLLO!$G$3:$H$28,2,FALSE) -> #REF! | AB12: =IF(K12<>"",IF(R12<>"",IF(T12<>"",IF(Y12<>"",IF(AA12<>"",K12&R12&Y12&T12&AA12,""),""),""),""),"") -> #REF!
A13: ='ELENCO ATLETI'!#REF! -> #REF! | B13: ='ELENCO ATLETI'!#REF! -> #REF! | C13: ='ELENCO ATLETI'!#REF! -> #REF! | D13: ='ELENCO ATLETI'!#REF! -> #REF! | E13: M | F13: =SUBSTITUTE(SUBSTITUTE(SUBSTITUTE(SUBSTITUTE(SUBSTITUTE(SUBSTITUTE(UPPER(A13)," ",""),"U",""),"O",""),"I",""),"E",""),"A","") -> #REF! | G13: =SUBSTITUTE(SUBSTITUTE(SUBSTITUTE(SUBSTITUTE(SUBSTITUTE(SUBSTITUTE(UPPER(A13)," ",""),"G",""),"F",""),"D",""),"C",""),"B","") -> #REF! | H13: =SUBSTITUTE(SUBSTITUTE(SUBSTITUTE(SUBSTITUTE(SUBSTITUTE(SUBSTITUTE(UPPER(G13)," ",""),"M",""),"L",""),"K",""),"J",""),"H","") -> #REF! | I13: =SUBSTITUTE(SUBSTITUTE(SUBSTITUTE(SUBSTITUTE(SUBSTITUTE(SUBSTITUTE(UPPER(H13)," ",""),"S",""),"R",""),"Q",""),"P",""),"N","") -> #REF! | J13: =SUBSTITUTE(SUBSTITUTE(SUBSTITUTE(SUBSTITUTE(SUBSTITUTE(SUBSTITUTE(SUBSTITUTE(UPPER(I13)," ",""),"Z",""),"W",""),"X",""),"W",""),"V",""),"T","") -> #REF! | K13: =IF(LEN(IF(LEN(F13)>=3,LEFT(F13,3),IF(LEN(F13)=2,F13 & LEFT(J13,1),F13 & LEFT(J13,2))))=2,IF(LEN(F13)>=3,LEFT(F13,3),IF(LEN(F13)=2,F13 & LEFT(J13,1),F13 & LEFT(J13,2))) & "X",IF(LEN(F13)>=3,LEFT(F13,3),IF(LEN(F13)=2,F13 & LEFT(J13,1),F13 & LEFT(J13,2)))) -> #REF! | L13: =(VLOOKUP(LEFT(K13,1),[1]CONTROLLO!$A$3:$B$38,2,FALSE)) + (VLOOKUP(MID(K13,2,1),[1]CONTROLLO!$D$3:$E$38,2,FALSE)) + (VLOOKUP(RIGHT(K13,1),[1]CONTROLLO!$A$3:$B$38,2,FALSE)) -> #REF! | M13: =SUBSTITUTE(SUBSTITUTE(SUBSTITUTE(SUBSTITUTE(SUBSTITUTE(SUBSTITUTE(UPPER(B13)," ",""),"U",""),"O",""),"I",""),"E",""),"A","") -> #REF! | N13: =SUBSTITUTE(SUBSTITUTE(SUBSTITUTE(SUBSTITUTE(SUBSTITUTE(SUBSTITUTE(UPPER(B13)," ",""),"G",""),"F",""),"D",""),"C",""),"B","") -> #REF! | O13: =SUBSTITUTE(SUBSTITUTE(SUBSTITUTE(SUBSTITUTE(SUBSTITUTE(SUBSTITUTE(UPPER(N13)," ",""),"M",""),"L",""),"K",""),"J",""),"H","") -> #REF! | P13: =SUBSTITUTE(SUBSTITUTE(SUBSTITUTE(SUBSTITUTE(SUBSTITUTE(SUBSTITUTE(UPPER(O13)," ",""),"S",""),"R",""),"Q",""),"P",""),"N","") -> #REF! | Q13: =SUBSTITUTE(SUBSTITUTE(SUBSTITUTE(SUBSTITUTE(SUBSTITUTE(SUBSTITUTE(SUBSTITUTE(UPPER(P13)," ",""),"Z",""),"W",""),"X",""),"W",""),"V",""),"T","") -> #REF! | R13: =IF(LEN(IF(LEN(M13)>3,MID(M13,1,1) & MID(M13,3,1) & MID(M13,4,1),IF(LEN(M13)=3,M13,IF(LEN(M13)=2,M13 & LEFT(Q13,1),M13 & LEFT(Q13,2)))))=2,IF(LEN(M13)>3,MID(M13,1,1) & MID(M13,3,1) & MID(M13,4,1),IF(LEN(M13)=3,M13,IF(LEN(M13)=2,M13 & LEFT(Q13,1),M13 & LEFT(Q13,2)))) & "X",IF(LEN(M13)>3,MID(M13,1,1) & MID(M13,3,1) & MID(M13,4,1),IF(LEN(M13)=3,M13,IF(LEN(M13)=2,M13 & LEFT(Q13,1),M13 & LEFT(Q13,2))))) -> #REF! | S13: =(VLOOKUP(LEFT(R13,1),[1]CONTROLLO!$D$3:$E$38,2,FALSE)) + (VLOOKUP(MID(R13,2,1),[1]CONTROLLO!$A$3:$B$38,2,FALSE)) + (VLOOKUP(RIGHT(R13,1),[1]CONTROLLO!$D$3:$E$38,2,FALSE)) -> #REF! | T13: =IF(C13="","",VLOOKUP(C13,[1]COMUNI!$A$2:$C$13867,2,FALSE)) -> #REF! | U13: =(VLOOKUP(IF(LEFT(T13,1)="0","ZERO",LEFT(T13,1)),[1]CONTROLLO!$D$3:$E$38,2,FALSE)) + (VLOOKUP(IF(MID(T13,2,1)="0","ZERO",MID(T13,2,1)),[1]CONTROLLO!$A$3:$B$38,2,FALSE)) + (VLOOKUP(IF(MID(T13,3,1)="0","ZERO",MID(T13,3,1)),[1]CONTROLLO!$D$3:$E$38,2,FALSE)) + (VLOOKUP(IF(RIGHT(T13,1)="0","ZERO",RIGHT(T13,1)),[1]CONTROLLO!$A$3:$B$38,2,FALSE)) -> #REF! | V13: =RIGHT(TEXT(D13,"gg/mm/aaaa"),2) -> #REF! | W13: =VLOOKUP(MID(TEXT(D13,"gg/mm/aaaa"),4,2),[1]MESI!$A$2:$B$13,2,FALSE) -> #REF! | X13: =IF(E13="M",LEFT(TEXT(D13,"gg/mm/aaaa"),2),IF(E13="F",LEFT(TEXT(D13,"gg/mm/aaaa"),2)+40,"")) -> #REF! | Y13: =IF(X13="","",V13&W13&X13) -> #REF! | Z13: =(VLOOKUP(IF(LEFT(Y13,1)="0","ZERO",LEFT(Y13,1)),[1]CONTROLLO!$A$3:$B$38,2,FALSE)) + (VLOOKUP(IF(MID(Y13,2,1)="0","ZERO",MID(Y13,2,1)),[1]CONTROLLO!$D$3:$E$38,2,FALSE)) + (VLOOKUP(IF(MID(Y13,3,1)="0","ZERO",MID(Y13,3,1)),[1]CONTROLLO!$A$3:$B$38,2,FALSE)) + (VLOOKUP(IF(MID(Y13,4,1)="0","ZERO",MID(Y13,4,1)),[1]CONTROLLO!$D$3:$E$38,2,FALSE)) + (VLOOKUP(IF(RIGHT(Y13,1)="0","ZERO",RIGHT(Y13,1)),[1]CONTROLLO!$A$3:$B$38,2,FALSE)) -> #REF! | AA13: =VLOOKUP(IF(TEXT(MOD(L13+S13+U13+Z13,26),"#")="0","ZERO",IF(TEXT(MOD(L13+S13+U13+Z13,26),"#")="","ZERO",TEXT(MOD(L13+S13+U13+Z13,26),"#"))),[1]CONTROLLO!$G$3:$H$28,2,FALSE) -> #REF! | AB13: =IF(K13<>"",IF(R13<>"",IF(T13<>"",IF(Y13<>"",IF(AA13<>"",K13&R13&Y13&T13&AA13,""),""),""),""),"") -> #REF!
A14: ='ELENCO ATLETI'!D26 -> 0 | B14: ='ELENCO ATLETI'!E26 -> 0 | C14: ='ELENCO ATLETI'!F26 -> 0 | D14: ='ELENCO ATLETI'!G26 -> 0 | E14: M | F14: =SUBSTITUTE(SUBSTITUTE(SUBSTITUTE(SUBSTITUTE(SUBSTITUTE(SUBSTITUTE(UPPER(A14)," ",""),"U",""),"O",""),"I",""),"E",""),"A","") -> 0 | G14: =SUBSTITUTE(SUBSTITUTE(SUBSTITUTE(SUBSTITUTE(SUBSTITUTE(SUBSTITUTE(UPPER(A14)," ",""),"G",""),"F",""),"D",""),"C",""),"B","") -> 0 | H14: =SUBSTITUTE(SUBSTITUTE(SUBSTITUTE(SUBSTITUTE(SUBSTITUTE(SUBSTITUTE(UPPER(G14)," ",""),"M",""),"L",""),"K",""),"J",""),"H","") -> 0 | I14: =SUBSTITUTE(SUBSTITUTE(SUBSTITUTE(SUBSTITUTE(SUBSTITUTE(SUBSTITUTE(UPPER(H14)," ",""),"S",""),"R",""),"Q",""),"P",""),"N","") -> 0 | J14: =SUBSTITUTE(SUBSTITUTE(SUBSTITUTE(SUBSTITUTE(SUBSTITUTE(SUBSTITUTE(SUBSTITUTE(UPPER(I14)," ",""),"Z",""),"W",""),"X",""),"W",""),"V",""),"T","") -> 0 | K14: =IF(LEN(IF(LEN(F14)>=3,LEFT(F14,3),IF(LEN(F14)=2,F14 & LEFT(J14,1),F14 & LEFT(J14,2))))=2,IF(LEN(F14)>=3,LEFT(F14,3),IF(LEN(F14)=2,F14 & LEFT(J14,1),F14 & LEFT(J14,2))) & "X",IF(LEN(F14)>=3,LEFT(F14,3),IF(LEN(F14)=2,F14 & LEFT(J14,1),F14 & LEFT(J14,2)))) -> 00X | L14: =(VLOOKUP(LEFT(K14,1),[1]CONTROLLO!$A$3:$B$38,2,FALSE)) + (VLOOKUP(MID(K14,2,1),[1]CONTROLLO!$D$3:$E$38,2,FALSE)) + (VLOOKUP(RIGHT(K14,1),[1]CONTROLLO!$A$3:$B$38,2,FALSE)) -> #N/A | M14: =SUBSTITUTE(SUBSTITUTE(SUBSTITUTE(SUBSTITUTE(SUBSTITUTE(SUBSTITUTE(UPPER(B14)," ",""),"U",""),"O",""),"I",""),"E",""),"A","") -> 0 | N14: =SUBSTITUTE(SUBSTITUTE(SUBSTITUTE(SUBSTITUTE(SUBSTITUTE(SUBSTITUTE(UPPER(B14)," ",""),"G",""),"F",""),"D",""),"C",""),"B","") -> 0 | O14: =SUBSTITUTE(SUBSTITUTE(SUBSTITUTE(SUBSTITUTE(SUBSTITUTE(SUBSTITUTE(UPPER(N14)," ",""),"M",""),"L",""),"K",""),"J",""),"H","") -> 0 | P14: =SUBSTITUTE(SUBSTITUTE(SUBSTITUTE(SUBSTITUTE(SUBSTITUTE(SUBSTITUTE(UPPER(O14)," ",""),"S",""),"R",""),"Q",""),"P",""),"N","") -> 0 | Q14: =SUBSTITUTE(SUBSTITUTE(SUBSTITUTE(SUBSTITUTE(SUBSTITUTE(SUBSTITUTE(SUBSTITUTE(UPPER(P14)," ",""),"Z",""),"W",""),"X",""),"W",""),"V",""),"T","") -> 0 | R14: =IF(LEN(IF(LEN(M14)>3,MID(M14,1,1) & MID(M14,3,1) & MID(M14,4,1),IF(LEN(M14)=3,M14,IF(LEN(M14)=2,M14 & LEFT(Q14,1),M14 & LEFT(Q14,2)))))=2,IF(LEN(M14)>3,MID(M14,1,1) & MID(M14,3,1) & MID(M14,4,1),IF(LEN(M14)=3,M14,IF(LEN(M14)=2,M14 & LEFT(Q14,1),M14 & LEFT(Q14,2)))) & "X",IF(LEN(M14)>3,MID(M14,1,1) & MID(M14,3,1) & MID(M14,4,1),IF(LEN(M14)=3,M14,IF(LEN(M14)=2,M14 & LEFT(Q14,1),M14 & LEFT(Q14,2))))) -> 00X | S14: =(VLOOKUP(LEFT(R14,1),[1]CONTROLLO!$D$3:$E$38,2,FALSE)) + (VLOOKUP(MID(R14,2,1),[1]CONTROLLO!$A$3:$B$38,2,FALSE)) + (VLOOKUP(RIGHT(R14,1),[1]CONTROLLO!$D$3:$E$38,2,FALSE)) -> #N/A | T14: =IF(C14="","",VLOOKUP(C14,[1]COMUNI!$A$2:$C$13867,2,FALSE)) -> #N/A | U14: =(VLOOKUP(IF(LEFT(T14,1)="0","ZERO",LEFT(T14,1)),[1]CONTROLLO!$D$3:$E$38,2,FALSE)) + (VLOOKUP(IF(MID(T14,2,1)="0","ZERO",MID(T14,2,1)),[1]CONTROLLO!$A$3:$B$38,2,FALSE)) + (VLOOKUP(IF(MID(T14,3,1)="0","ZERO",MID(T14,3,1)),[1]CONTROLLO!$D$3:$E$38,2,FALSE)) + (VLOOKUP(IF(RIGHT(T14,1)="0","ZERO",RIGHT(T14,1)),[1]CONTROLLO!$A$3:$B$38,2,FALSE)) -> #N/A | V14: =RIGHT(TEXT(D14,"gg/mm/aaaa"),2) -> 00 | W14: =VLOOKUP(MID(TEXT(D14,"gg/mm/aaaa"),4,2),[1]MESI!$A$2:$B$13,2,FALSE) -> A | X14: =IF(E14="M",LEFT(TEXT(D14,"gg/mm/aaaa"),2),IF(E14="F",LEFT(TEXT(D14,"gg/mm/aaaa"),2)+40,"")) -> 00 | Y14: =IF(X14="","",V14&W14&X14) -> 00A00 | Z14: =(VLOOKUP(IF(LEFT(Y14,1)="0","ZERO",LEFT(Y14,1)),[1]CONTROLLO!$A$3:$B$38,2,FALSE)) + (VLOOKUP(IF(MID(Y14,2,1)="0","ZERO",MID(Y14,2,1)),[1]CONTROLLO!$D$3:$E$38,2,FALSE)) + (VLOOKUP(IF(MID(Y14,3,1)="0","ZERO",MID(Y14,3,1)),[1]CONTROLLO!$A$3:$B$38,2,FALSE)) + (VLOOKUP(IF(MID(Y14,4,1)="0","ZERO",MID(Y14,4,1)),[1]CONTROLLO!$D$3:$E$38,2,FALSE)) + (VLOOKUP(IF(RIGHT(Y14,1)="0","ZERO",RIGHT(Y14,1)),[1]CONTROLLO!$A$3:$B$38,2,FALSE)) -> 3 | AA14: =VLOOKUP(IF(TEXT(MOD(L14+S14+U14+Z14,26),"#")="0","ZERO",IF(TEXT(MOD(L14+S14+U14+Z14,26),"#")="","ZERO",TEXT(MOD(L14+S14+U14+Z14,26),"#"))),[1]CONTROLLO!$G$3:$H$28,2,FALSE) -> #N/A | AB14: =IF(K14<>"",IF(R14<>"",IF(T14<>"",IF(Y14<>"",IF(AA14<>"",K14&R14&Y14&T14&AA14,""),""),""),""),"") -> #N/A
A15: ='ELENCO ATLETI'!D27 -> 0 | B15: ='ELENCO ATLETI'!E27 -> 0 | C15: ='ELENCO ATLETI'!F27 -> 0 | D15: ='ELENCO ATLETI'!G27 -> 0 | E15: M | F15: =SUBSTITUTE(SUBSTITUTE(SUBSTITUTE(SUBSTITUTE(SUBSTITUTE(SUBSTITUTE(UPPER(A15)," ",""),"U",""),"O",""),"I",""),"E",""),"A","") -> 0 | G15: =SUBSTITUTE(SUBSTITUTE(SUBSTITUTE(SUBSTITUTE(SUBSTITUTE(SUBSTITUTE(UPPER(A15)," ",""),"G",""),"F",""),"D",""),"C",""),"B","") -> 0 | H15: =SUBSTITUTE(SUBSTITUTE(SUBSTITUTE(SUBSTITUTE(SUBSTITUTE(SUBSTITUTE(UPPER(G15)," ",""),"M",""),"L",""),"K",""),"J",""),"H","") -> 0 | I15: =SUBSTITUTE(SUBSTITUTE(SUBSTITUTE(SUBSTITUTE(SUBSTITUTE(SUBSTITUTE(UPPER(H15)," ",""),"S",""),"R",""),"Q",""),"P",""),"N","") -> 0 | J15: =SUBSTITUTE(SUBSTITUTE(SUBSTITUTE(SUBSTITUTE(SUBSTITUTE(SUBSTITUTE(SUBSTITUTE(UPPER(I15)," ",""),"Z",""),"W",""),"X",""),"W",""),"V",""),"T","") -> 0 | K15: =IF(LEN(IF(LEN(F15)>=3,LEFT(F15,3),IF(LEN(F15)=2,F15 & LEFT(J15,1),F15 & LEFT(J15,2))))=2,IF(LEN(F15)>=3,LEFT(F15,3),IF(LEN(F15)=2,F15 & LEFT(J15,1),F15 & LEFT(J15,2))) & "X",IF(LEN(F15)>=3,LEFT(F15,3),IF(LEN(F15)=2,F15 & LEFT(J15,1),F15 & LEFT(J15,2)))) -> 00X | L15: =(VLOOKUP(LEFT(K15,1),[1]CONTROLLO!$A$3:$B$38,2,FALSE)) + (VLOOKUP(MID(K15,2,1),[1]CONTROLLO!$D$3:$E$38,2,FALSE)) + (VLOOKUP(RIGHT(K15,1),[1]CONTROLLO!$A$3:$B$38,2,FALSE)) -> #N/A | M15: =SUBSTITUTE(SUBSTITUTE(SUBSTITUTE(SUBSTITUTE(SUBSTITUTE(SUBSTITUTE(UPPER(B15)," ",""),"U",""),"O",""),"I",""),"E",""),"A","") -> 0 | N15: =SUBSTITUTE(SUBSTITUTE(SUBSTITUTE(SUBSTITUTE(SUBSTITUTE(SUBSTITUTE(UPPER(B15)," ",""),"G",""),"F",""),"D",""),"C",""),"B","") -> 0 | O15: =SUBSTITUTE(SUBSTITUTE(SUBSTITUTE(SUBSTITUTE(SUBSTITUTE(SUBSTITUTE(UPPER(N15)," ",""),"M",""),"L",""),"K",""),"J",""),"H","") -> 0 | P15: =SUBSTITUTE(SUBSTITUTE(SUBSTITUTE(SUBSTITUTE(SUBSTITUTE(SUBSTITUTE(UPPER(O15)," ",""),"S",""),"R",""),"Q",""),"P",""),"N","") -> 0 | Q15: =SUBSTITUTE(SUBSTITUTE(SUBSTITUTE(SUBSTITUTE(SUBSTITUTE(SUBSTITUTE(SUBSTITUTE(UPPER(P15)," ",""),"Z",""),"W",""),"X",""),"W",""),"V",""),"T","") -> 0 | R15: =IF(LEN(IF(LEN(M15)>3,MID(M15,1,1) & MID(M15,3,1) & MID(M15,4,1),IF(LEN(M15)=3,M15,IF(LEN(M15)=2,M15 & LEFT(Q15,1),M15 & LEFT(Q15,2)))))=2,IF(LEN(M15)>3,MID(M15,1,1) & MID(M15,3,1) & MID(M15,4,1),IF(LEN(M15)=3,M15,IF(LEN(M15)=2,M15 & LEFT(Q15,1),M15 & LEFT(Q15,2)))) & "X",IF(LEN(M15)>3,MID(M15,1,1) & MID(M15,3,1) & MID(M15,4,1),IF(LEN(M15)=3,M15,IF(LEN(M15)=2,M15 & LEFT(Q15,1),M15 & LEFT(Q15,2))))) -> 00X | S15: =(VLOOKUP(LEFT(R15,1),[1]CONTROLLO!$D$3:$E$38,2,FALSE)) + (VLOOKUP(MID(R15,2,1),[1]CONTROLLO!$A$3:$B$38,2,FALSE)) + (VLOOKUP(RIGHT(R15,1),[1]CONTROLLO!$D$3:$E$38,2,FALSE)) -> #N/A | T15: =IF(C15="","",VLOOKUP(C15,[1]COMUNI!$A$2:$C$13867,2,FALSE)) -> #N/A | U15: =(VLOOKUP(IF(LEFT(T15,1)="0","ZERO",LEFT(T15,1)),[1]CONTROLLO!$D$3:$E$38,2,FALSE)) + (VLOOKUP(IF(MID(T15,2,1)="0","ZERO",MID(T15,2,1)),[1]CONTROLLO!$A$3:$B$38,2,FALSE)) + (VLOOKUP(IF(MID(T15,3,1)="0","ZERO",MID(T15,3,1)),[1]CONTROLLO!$D$3:$E$38,2,FALSE)) + (VLOOKUP(IF(RIGHT(T15,1)="0","ZERO",RIGHT(T15,1)),[1]CONTROLLO!$A$3:$B$38,2,FALSE)) -> #N/A | V15: =RIGHT(TEXT(D15,"gg/mm/aaaa"),2) -> 00 | W15: =VLOOKUP(MID(TEXT(D15,"gg/mm/aaaa"),4,2),[1]MESI!$A$2:$B$13,2,FALSE) -> A | X15: =IF(E15="M",LEFT(TEXT(D15,"gg/mm/aaaa"),2),IF(E15="F",LEFT(TEXT(D15,"gg/mm/aaaa"),2)+40,"")) -> 00 | Y15: =IF(X15="","",V15&W15&X15) -> 00A00 | Z15: =(VLOOKUP(IF(LEFT(Y15,1)="0","ZERO",LEFT(Y15,1)),[1]CONTROLLO!$A$3:$B$38,2,FALSE)) + (VLOOKUP(IF(MID(Y15,2,1)="0","ZERO",MID(Y15,2,1)),[1]CONTROLLO!$D$3:$E$38,2,FALSE)) + (VLOOKUP(IF(MID(Y15,3,1)="0","ZERO",MID(Y15,3,1)),[1]CONTROLLO!$A$3:$B$38,2,FALSE)) + (VLOOKUP(IF(MID(Y15,4,1)="0","ZERO",MID(Y15,4,1)),[1]CONTROLLO!$D$3:$E$38,2,FALSE)) + (VLOOKUP(IF(RIGHT(Y15,1)="0","ZERO",RIGHT(Y15,1)),[1]CONTROLLO!$A$3:$B$38,2,FALSE)) -> 3 | AA15: =VLOOKUP(IF(TEXT(MOD(L15+S15+U15+Z15,26),"#")="0","ZERO",IF(TEXT(MOD(L15+S15+U15+Z15,26),"#")="","ZERO",TEXT(MOD(L15+S15+U15+Z15,26),"#"))),[1]CONTROLLO!$G$3:$H$28,2,FALSE) -> #N/A | AB15: =IF(K15<>"",IF(R15<>"",IF(T15<>"",IF(Y15<>"",IF(AA15<>"",K15&R15&Y15&T15&AA15,""),""),""),""),"") -> #N/A
A16: ='ELENCO ATLETI'!D28 -> 0 | B16: ='ELENCO ATLETI'!E28 -> 0 | C16: ='ELENCO ATLETI'!F28 -> 0 | D16: ='ELENCO ATLETI'!G28 -> 0 | E16: M | F16: =SUBSTITUTE(SUBSTITUTE(SUBSTITUTE(SUBSTITUTE(SUBSTITUTE(SUBSTITUTE(UPPER(A16)," ",""),"U",""),"O",""),"I",""),"E",""),"A","") -> 0 | G16: =SUBSTITUTE(SUBSTITUTE(SUBSTITUTE(SUBSTITUTE(SUBSTITUTE(SUBSTITUTE(UPPER(A16)," ",""),"G",""),"F",""),"D",""),"C",""),"B","") -> 0 | H16: =SUBSTITUTE(SUBSTITUTE(SUBSTITUTE(SUBSTITUTE(SUBSTITUTE(SUBSTITUTE(UPPER(G16)," ",""),"M",""),"L",""),"K",""),"J",""),"H","") -> 0 | I16: =SUBSTITUTE(SUBSTITUTE(SUBSTITUTE(SUBSTITUTE(SUBSTITUTE(SUBSTITUTE(UPPER(H16)," ",""),"S",""),"R",""),"Q",""),"P",""),"N","") -> 0 | J16: =SUBSTITUTE(SUBSTITUTE(SUBSTITUTE(SUBSTITUTE(SUBSTITUTE(SUBSTITUTE(SUBSTITUTE(UPPER(I16)," ",""),"Z",""),"W",""),"X",""),"W",""),"V",""),"T","") -> 0 | K16: =IF(LEN(IF(LEN(F16)>=3,LEFT(F16,3),IF(LEN(F16)=2,F16 & LEFT(J16,1),F16 & LEFT(J16,2))))=2,IF(LEN(F16)>=3,LEFT(F16,3),IF(LEN(F16)=2,F16 & LEFT(J16,1),F16 & LEFT(J16,2))) & "X",IF(LEN(F16)>=3,LEFT(F16,3),IF(LEN(F16)=2,F16 & LEFT(J16,1),F16 & LEFT(J16,2)))) -> 00X | L16: =(VLOOKUP(LEFT(K16,1),[1]CONTROLLO!$A$3:$B$38,2,FALSE)) + (VLOOKUP(MID(K16,2,1),[1]CONTROLLO!$D$3:$E$38,2,FALSE)) + (VLOOKUP(RIGHT(K16,1),[1]CONTROLLO!$A$3:$B$38,2,FALSE)) -> #N/A | M16: =SUBSTITUTE(SUBSTITUTE(SUBSTITUTE(SUBSTITUTE(SUBSTITUTE(SUBSTITUTE(UPPER(B16)," ",""),"U",""),"O",""),"I",""),"E",""),"A","") -> 0 | N16: =SUBSTITUTE(SUBSTITUTE(SUBSTITUTE(SUBSTITUTE(SUBSTITUTE(SUBSTITUTE(UPPER(B16)," ",""),"G",""),"F",""),"D",""),"C",""),"B","") -> 0 | O16: =SUBSTITUTE(SUBSTITUTE(SUBSTITUTE(SUBSTITUTE(SUBSTITUTE(SUBSTITUTE(UPPER(N16)," ",""),"M",""),"L",""),"K",""),"J",""),"H","") -> 0 | P16: =SUBSTITUTE(SUBSTITUTE(SUBSTITUTE(SUBSTITUTE(SUBSTITUTE(SUBSTITUTE(UPPER(O16)," ",""),"S",""),"R",""),"Q",""),"P",""),"N","") -> 0 | Q16: =SUBSTITUTE(SUBSTITUTE(SUBSTITUTE(SUBSTITUTE(SUBSTITUTE(SUBSTITUTE(SUBSTITUTE(UPPER(P16)," ",""),"Z",""),"W",""),"X",""),"W",""),"V",""),"T","") -> 0 | R16: =IF(LEN(IF(LEN(M16)>3,MID(M16,1,1) & MID(M16,3,1) & MID(M16,4,1),IF(LEN(M16)=3,M16,IF(LEN(M16)=2,M16 & LEFT(Q16,1),M16 & LEFT(Q16,2)))))=2,IF(LEN(M16)>3,MID(M16,1,1) & MID(M16,3,1) & MID(M16,4,1),IF(LEN(M16)=3,M16,IF(LEN(M16)=2,M16 & LEFT(Q16,1),M16 & LEFT(Q16,2)))) & "X",IF(LEN(M16)>3,MID(M16,1,1) & MID(M16,3,1) & MID(M16,4,1),IF(LEN(M16)=3,M16,IF(LEN(M16)=2,M16 & LEFT(Q16,1),M16 & LEFT(Q16,2))))) -> 00X | S16: =(VLOOKUP(LEFT(R16,1),[1]CONTROLLO!$D$3:$E$38,2,FALSE)) + (VLOOKUP(MID(R16,2,1),[1]CONTROLLO!$A$3:$B$38,2,FALSE)) + (VLOOKUP(RIGHT(R16,1),[1]CONTROLLO!$D$3:$E$38,2,FALSE)) -> #N/A | T16: =IF(C16="","",VLOOKUP(C16,[1]COMUNI!$A$2:$C$13867,2,FALSE)) -> #N/A | U16: =(VLOOKUP(IF(LEFT(T16,1)="0","ZERO",LEFT(T16,1)),[1]CONTROLLO!$D$3:$E$38,2,FALSE)) + (VLOOKUP(IF(MID(T16,2,1)="0","ZERO",MID(T16,2,1)),[1]CONTROLLO!$A$3:$B$38,2,FALSE)) + (VLOOKUP(IF(MID(T16,3,1)="0","ZERO",MID(T16,3,1)),[1]CONTROLLO!$D$3:$E$38,2,FALSE)) + (VLOOKUP(IF(RIGHT(T16,1)="0","ZERO",RIGHT(T16,1)),[1]CONTROLLO!$A$3:$B$38,2,FALSE)) -> #N/A | V16: =RIGHT(TEXT(D16,"gg/mm/aaaa"),2) -> 00 | W16: =VLOOKUP(MID(TEXT(D16,"gg/mm/aaaa"),4,2),[1]MESI!$A$2:$B$13,2,FALSE) -> A | X16: =IF(E16="M",LEFT(TEXT(D16,"gg/mm/aaaa"),2),IF(E16="F",LEFT(TEXT(D16,"gg/mm/aaaa"),2)+40,"")) -> 00 | Y16: =IF(X16="","",V16&W16&X16) -> 00A00 | Z16: =(VLOOKUP(IF(LEFT(Y16,1)="0","ZERO",LEFT(Y16,1)),[1]CONTROLLO!$A$3:$B$38,2,FALSE)) + (VLOOKUP(IF(MID(Y16,2,1)="0","ZERO",MID(Y16,2,1)),[1]CONTROLLO!$D$3:$E$38,2,FALSE)) + (VLOOKUP(IF(MID(Y16,3,1)="0","ZERO",MID(Y16,3,1)),[1]CONTROLLO!$A$3:$B$38,2,FALSE)) + (VLOOKUP(IF(MID(Y16,4,1)="0","ZERO",MID(Y16,4,1)),[1]CONTROLLO!$D$3:$E$38,2,FALSE)) + (VLOOKUP(IF(RIGHT(Y16,1)="0","ZERO",RIGHT(Y16,1)),[1]CONTROLLO!$A$3:$B$38,2,FALSE)) -> 3 | AA16: =VLOOKUP(IF(TEXT(MOD(L16+S16+U16+Z16,26),"#")="0","ZERO",IF(TEXT(MOD(L16+S16+U16+Z16,26),"#")="","ZERO",TEXT(MOD(L16+S16+U16+Z16,26),"#"))),[1]CONTROLLO!$G$3:$H$28,2,FALSE) -> #N/A | AB16: =IF(K16<>"",IF(R16<>"",IF(T16<>"",IF(Y16<>"",IF(AA16<>"",K16&R16&Y16&T16&AA16,""),""),""),""),"") -> #N/A
A17: ='ELENCO ATLETI'!D29 -> 0 | B17: ='ELENCO ATLETI'!E29 -> 0 | C17: ='ELENCO ATLETI'!F29 -> 0 | D17: ='ELENCO ATLETI'!G29 -> 0 | E17: M | F17: =SUBSTITUTE(SUBSTITUTE(SUBSTITUTE(SUBSTITUTE(SUBSTITUTE(SUBSTITUTE(UPPER(A17)," ",""),"U",""),"O",""),"I",""),"E",""),"A","") -> 0 | G17: =SUBSTITUTE(SUBSTITUTE(SUBSTITUTE(SUBSTITUTE(SUBSTITUTE(SUBSTITUTE(UPPER(A17)," ",""),"G",""),"F",""),"D",""),"C",""),"B","") -> 0 | H17: =SUBSTITUTE(SUBSTITUTE(SUBSTITUTE(SUBSTITUTE(SUBSTITUTE(SUBSTITUTE(UPPER(G17)," ",""),"M",""),"L",""),"K",""),"J",""),"H","") -> 0 | I17: =SUBSTITUTE(SUBSTITUTE(SUBSTITUTE(SUBSTITUTE(SUBSTITUTE(SUBSTITUTE(UPPER(H17)," ",""),"S",""),"R",""),"Q",""),"P",""),"N","") -> 0 | J17: =SUBSTITUTE(SUBSTITUTE(SUBSTITUTE(SUBSTITUTE(SUBSTITUTE(SUBSTITUTE(SUBSTITUTE(UPPER(I17)," ",""),"Z",""),"W",""),"X",""),"W",""),"V",""),"T","") -> 0 | K17: =IF(LEN(IF(LEN(F17)>=3,LEFT(F17,3),IF(LEN(F17)=2,F17 & LEFT(J17,1),F17 & LEFT(J17,2))))=2,IF(LEN(F17)>=3,LEFT(F17,3),IF(LEN(F17)=2,F17 & LEFT(J17,1),F17 & LEFT(J17,2))) & "X",IF(LEN(F17)>=3,LEFT(F17,3),IF(LEN(F17)=2,F17 & LEFT(J17,1),F17 & LEFT(J17,2)))) -> 00X | L17: =(VLOOKUP(LEFT(K17,1),[1]CONTROLLO!$A$3:$B$38,2,FALSE)) + (VLOOKUP(MID(K17,2,1),[1]CONTROLLO!$D$3:$E$38,2,FALSE)) + (VLOOKUP(RIGHT(K17,1),[1]CONTROLLO!$A$3:$B$38,2,FALSE)) -> #N/A | M17: =SUBSTITUTE(SUBSTITUTE(SUBSTITUTE(SUBSTITUTE(SUBSTITUTE(SUBSTITUTE(UPPER(B17)," ",""),"U",""),"O",""),"I",""),"E",""),"A","") -> 0 | N17: =SUBSTITUTE(SUBSTITUTE(SUBSTITUTE(SUBSTITUTE(SUBSTITUTE(SUBSTITUTE(UPPER(B17)," ",""),"G",""),"F",""),"D",""),"C",""),"B","") -> 0 | O17: =SUBSTITUTE(SUBSTITUTE(SUBSTITUTE(SUBSTITUTE(SUBSTITUTE(SUBSTITUTE(UPPER(N17)," ",""),"M",""),"L",""),"K",""),"J",""),"H","") -> 0 | P17: =SUBSTITUTE(SUBSTITUTE(SUBSTITUTE(SUBSTITUTE(SUBSTITUTE(SUBSTITUTE(UPPER(O17)," ",""),"S",""),"R",""),"Q",""),"P",""),"N","") -> 0 | Q17: =SUBSTITUTE(SUBSTITUTE(SUBSTITUTE(SUBSTITUTE(SUBSTITUTE(SUBSTITUTE(SUBSTITUTE(UPPER(P17)," ",""),"Z",""),"W",""),"X",""),"W",""),"V",""),"T","") -> 0 | R17: =IF(LEN(IF(LEN(M17)>3,MID(M17,1,1) & MID(M17,3,1) & MID(M17,4,1),IF(LEN(M17)=3,M17,IF(LEN(M17)=2,M17 & LEFT(Q17,1),M17 & LEFT(Q17,2)))))=2,IF(LEN(M17)>3,MID(M17,1,1) & MID(M17,3,1) & MID(M17,4,1),IF(LEN(M17)=3,M17,IF(LEN(M17)=2,M17 & LEFT(Q17,1),M17 & LEFT(Q17,2)))) & "X",IF(LEN(M17)>3,MID(M17,1,1) & MID(M17,3,1) & MID(M17,4,1),IF(LEN(M17)=3,M17,IF(LEN(M17)=2,M17 & LEFT(Q17,1),M17 & LEFT(Q17,2))))) -> 00X | S17: =(VLOOKUP(LEFT(R17,1),[1]CONTROLLO!$D$3:$E$38,2,FALSE)) + (VLOOKUP(MID(R17,2,1),[1]CONTROLLO!$A$3:$B$38,2,FALSE)) + (VLOOKUP(RIGHT(R17,1),[1]CONTROLLO!$D$3:$E$38,2,FALSE)) -> #N/A | T17: =IF(C17="","",VLOOKUP(C17,[1]COMUNI!$A$2:$C$13867,2,FALSE)) -> #N/A | U17: =(VLOOKUP(IF(LEFT(T17,1)="0","ZERO",LEFT(T17,1)),[1]CONTROLLO!$D$3:$E$38,2,FALSE)) + (VLOOKUP(IF(MID(T17,2,1)="0","ZERO",MID(T17,2,1)),[1]CONTROLLO!$A$3:$B$38,2,FALSE)) + (VLOOKUP(IF(MID(T17,3,1)="0","ZERO",MID(T17,3,1)),[1]CONTROLLO!$D$3:$E$38,2,FALSE)) + (VLOOKUP(IF(RIGHT(T17,1)="0","ZERO",RIGHT(T17,1)),[1]CONTROLLO!$A$3:$B$38,2,FALSE)) -> #N/A | V17: =RIGHT(TEXT(D17,"gg/mm/aaaa"),2) -> 00 | W17: =VLOOKUP(MID(TEXT(D17,"gg/mm/aaaa"),4,2),[1]MESI!$A$2:$B$13,2,FALSE) -> A | X17: =IF(E17="M",LEFT(TEXT(D17,"gg/mm/aaaa"),2),IF(E17="F",LEFT(TEXT(D17,"gg/mm/aaaa"),2)+40,"")) -> 00 | Y17: =IF(X17="","",V17&W17&X17) -> 00A00 | Z17: =(VLOOKUP(IF(LEFT(Y17,1)="0","ZERO",LEFT(Y17,1)),[1]CONTROLLO!$A$3:$B$38,2,FALSE)) + (VLOOKUP(IF(MID(Y17,2,1)="0","ZERO",MID(Y17,2,1)),[1]CONTROLLO!$D$3:$E$38,2,FALSE)) + (VLOOKUP(IF(MID(Y17,3,1)="0","ZERO",MID(Y17,3,1)),[1]CONTROLLO!$A$3:$B$38,2,FALSE)) + (VLOOKUP(IF(MID(Y17,4,1)="0","ZERO",MID(Y17,4,1)),[1]CONTROLLO!$D$3:$E$38,2,FALSE)) + (VLOOKUP(IF(RIGHT(Y17,1)="0","ZERO",RIGHT(Y17,1)),[1]CONTROLLO!$A$3:$B$38,2,FALSE)) -> 3 | AA17: =VLOOKUP(IF(TEXT(MOD(L17+S17+U17+Z17,26),"#")="0","ZERO",IF(TEXT(MOD(L17+S17+U17+Z17,26),"#")="","ZERO",TEXT(MOD(L17+S17+U17+Z17,26),"#"))),[1]CONTROLLO!$G$3:$H$28,2,FALSE) -> #N/A | AB17: =IF(K17<>"",IF(R17<>"",IF(T17<>"",IF(Y17<>"",IF(AA17<>"",K17&R17&Y17&T17&AA17,""),""),""),""),"") -> #N/A
A18: ='ELENCO ATLETI'!D30 -> 0 | B18: ='ELENCO ATLETI'!E30 -> 0 | C18: ='ELENCO ATLETI'!F30 -> 0 | D18: ='ELENCO ATLETI'!G30 -> 0 | E18: M | F18: =SUBSTITUTE(SUBSTITUTE(SUBSTITUTE(SUBSTITUTE(SUBSTITUTE(SUBSTITUTE(UPPER(A18)," ",""),"U",""),"O",""),"I",""),"E",""),"A","") -> 0 | G18: =SUBSTITUTE(SUBSTITUTE(SUBSTITUTE(SUBSTITUTE(SUBSTITUTE(SUBSTITUTE(UPPER(A18)," ",""),"G",""),"F",""),"D",""),"C",""),"B","") -> 0 | H18: =SUBSTITUTE(SUBSTITUTE(SUBSTITUTE(SUBSTITUTE(SUBSTITUTE(SUBSTITUTE(UPPER(G18)," ",""),"M",""),"L",""),"K",""),"J",""),"H","") -> 0 | I18: =SUBSTITUTE(SUBSTITUTE(SUBSTITUTE(SUBSTITUTE(SUBSTITUTE(SUBSTITUTE(UPPER(H18)," ",""),"S",""),"R",""),"Q",""),"P",""),"N","") -> 0 | J18: =SUBSTITUTE(SUBSTITUTE(SUBSTITUTE(SUBSTITUTE(SUBSTITUTE(SUBSTITUTE(SUBSTITUTE(UPPER(I18)," ",""),"Z",""),"W",""),"X",""),"W",""),"V",""),"T","") -> 0 | K18: =IF(LEN(IF(LEN(F18)>=3,LEFT(F18,3),IF(LEN(F18)=2,F18 & LEFT(J18,1),F18 & LEFT(J18,2))))=2,IF(LEN(F18)>=3,LEFT(F18,3),IF(LEN(F18)=2,F18 & LEFT(J18,1),F18 & LEFT(J18,2))) & "X",IF(LEN(F18)>=3,LEFT(F18,3),IF(LEN(F18)=2,F18 & LEFT(J18,1),F18 & LEFT(J18,2)))) -> 00X | L18: =(VLOOKUP(LEFT(K18,1),[1]CONTROLLO!$A$3:$B$38,2,FALSE)) + (VLOOKUP(MID(K18,2,1),[1]CONTROLLO!$D$3:$E$38,2,FALSE)) + (VLOOKUP(RIGHT(K18,1),[1]CONTROLLO!$A$3:$B$38,2,FALSE)) -> #N/A | M18: =SUBSTITUTE(SUBSTITUTE(SUBSTITUTE(SUBSTITUTE(SUBSTITUTE(SUBSTITUTE(UPPER(B18)," ",""),"U",""),"O",""),"I",""),"E",""),"A","") -> 0 | N18: =SUBSTITUTE(SUBSTITUTE(SUBSTITUTE(SUBSTITUTE(SUBSTITUTE(SUBSTITUTE(UPPER(B18)," ",""),"G",""),"F",""),"D",""),"C",""),"B","") -> 0 | O18: =SUBSTITUTE(SUBSTITUTE(SUBSTITUTE(SUBSTITUTE(SUBSTITUTE(SUBSTITUTE(UPPER(N18)," ",""),"M",""),"L",""),"K",""),"J",""),"H","") -> 0 | P18: =SUBSTITUTE(SUBSTITUTE(SUBSTITUTE(SUBSTITUTE(SUBSTITUTE(SUBSTITUTE(UPPER(O18)," ",""),"S",""),"R",""),"Q",""),"P",""),"N","") -> 0 | Q18: =SUBSTITUTE(SUBSTITUTE(SUBSTITUTE(SUBSTITUTE(SUBSTITUTE(SUBSTITUTE(SUBSTITUTE(UPPER(P18)," ",""),"Z",""),"W",""),"X",""),"W",""),"V",""),"T","") -> 0 | R18: =IF(LEN(IF(LEN(M18)>3,MID(M18,1,1) & MID(M18,3,1) & MID(M18,4,1),IF(LEN(M18)=3,M18,IF(LEN(M18)=2,M18 & LEFT(Q18,1),M18 & LEFT(Q18,2)))))=2,IF(LEN(M18)>3,MID(M18,1,1) & MID(M18,3,1) & MID(M18,4,1),IF(LEN(M18)=3,M18,IF(LEN(M18)=2,M18 & LEFT(Q18,1),M18 & LEFT(Q18,2)))) & "X",IF(LEN(M18)>3,MID(M18,1,1) & MID(M18,3,1) & MID(M18,4,1),IF(LEN(M18)=3,M18,IF(LEN(M18)=2,M18 & LEFT(Q18,1),M18 & LEFT(Q18,2))))) -> 00X | S18: =(VLOOKUP(LEFT(R18,1),[1]CONTROLLO!$D$3:$E$38,2,FALSE)) + (VLOOKUP(MID(R18,2,1),[1]CONTROLLO!$A$3:$B$38,2,FALSE)) + (VLOOKUP(RIGHT(R18,1),[1]CONTROLLO!$D$3:$E$38,2,FALSE)) -> #N/A | T18: =IF(C18="","",VLOOKUP(C18,[1]COMUNI!$A$2:$C$13867,2,FALSE)) -> #N/A | U18: =(VLOOKUP(IF(LEFT(T18,1)="0","ZERO",LEFT(T18,1)),[1]CONTROLLO!$D$3:$E$38,2,FALSE)) + (VLOOKUP(IF(MID(T18,2,1)="0","ZERO",MID(T18,2,1)),[1]CONTROLLO!$A$3:$B$38,2,FALSE)) + (VLOOKUP(IF(MID(T18,3,1)="0","ZERO",MID(T18,3,1)),[1]CONTROLLO!$D$3:$E$38,2,FALSE)) + (VLOOKUP(IF(RIGHT(T18,1)="0","ZERO",RIGHT(T18,1)),[1]CONTROLLO!$A$3:$B$38,2,FALSE)) -> #N/A | V18: =RIGHT(TEXT(D18,"gg/mm/aaaa"),2) -> 00 | W18: =VLOOKUP(MID(TEXT(D18,"gg/mm/aaaa"),4,2),[1]MESI!$A$2:$B$13,2,FALSE) -> A | X18: =IF(E18="M",LEFT(TEXT(D18,"gg/mm/aaaa"),2),IF(E18="F",LEFT(TEXT(D18,"gg/mm/aaaa"),2)+40,"")) -> 00 | Y18: =IF(X18="","",V18&W18&X18) -> 00A00 | Z18: =(VLOOKUP(IF(LEFT(Y18,1)="0","ZERO",LEFT(Y18,1)),[1]CONTROLLO!$A$3:$B$38,2,FALSE)) + (VLOOKUP(IF(MID(Y18,2,1)="0","ZERO",MID(Y18,2,1)),[1]CONTROLLO!$D$3:$E$38,2,FALSE)) + (VLOOKUP(IF(MID(Y18,3,1)="0","ZERO",MID(Y18,3,1)),[1]CONTROLLO!$A$3:$B$38,2,FALSE)) + (VLOOKUP(IF(MID(Y18,4,1)="0","ZERO",MID(Y18,4,1)),[1]CONTROLLO!$D$3:$E$38,2,FALSE)) + (VLOOKUP(IF(RIGHT(Y18,1)="0","ZERO",RIGHT(Y18,1)),[1]CONTROLLO!$A$3:$B$38,2,FALSE)) -> 3 | AA18: =VLOOKUP(IF(TEXT(MOD(L18+S18+U18+Z18,26),"#")="0","ZERO",IF(TEXT(MOD(L18+S18+U18+Z18,26),"#")="","ZERO",TEXT(MOD(L18+S18+U18+Z18,26),"#"))),[1]CONTROLLO!$G$3:$H$28,2,FALSE) -> #N/A | AB18: =IF(K18<>"",IF(R18<>"",IF(T18<>"",IF(Y18<>"",IF(AA18<>"",K18&R18&Y18&T18&AA18,""),""),""),""),"") -> #N/A
A19: ='ELENCO ATLETI'!D31 -> 0 | B19: ='ELENCO ATLETI'!E31 -> 0 | C19: ='ELENCO ATLETI'!F31 -> 0 | D19: ='ELENCO ATLETI'!G31 -> 0 | E19: M | F19: =SUBSTITUTE(SUBSTITUTE(SUBSTITUTE(SUBSTITUTE(SUBSTITUTE(SUBSTITUTE(UPPER(A19)," ",""),"U",""),"O",""),"I",""),"E",""),"A","") -> 0 | G19: =SUBSTITUTE(SUBSTITUTE(SUBSTITUTE(SUBSTITUTE(SUBSTITUTE(SUBSTITUTE(UPPER(A19)," ",""),"G",""),"F",""),"D",""),"C",""),"B","") -> 0 | H19: =SUBSTITUTE(SUBSTITUTE(SUBSTITUTE(SUBSTITUTE(SUBSTITUTE(SUBSTITUTE(UPPER(G19)," ",""),"M",""),"L",""),"K",""),"J",""),"H","") -> 0 | I19: =SUBSTITUTE(SUBSTITUTE(SUBSTITUTE(SUBSTITUTE(SUBSTITUTE(SUBSTITUTE(UPPER(H19)," ",""),"S",""),"R",""),"Q",""),"P",""),"N","") -> 0 | J19: =SUBSTITUTE(SUBSTITUTE(SUBSTITUTE(SUBSTITUTE(SUBSTITUTE(SUBSTITUTE(SUBSTITUTE(UPPER(I19)," ",""),"Z",""),"W",""),"X",""),"W",""),"V",""),"T","") -> 0 | K19: =IF(LEN(IF(LEN(F19)>=3,LEFT(F19,3),IF(LEN(F19)=2,F19 & LEFT(J19,1),F19 & LEFT(J19,2))))=2,IF(LEN(F19)>=3,LEFT(F19,3),IF(LEN(F19)=2,F19 & LEFT(J19,1),F19 & LEFT(J19,2))) & "X",IF(LEN(F19)>=3,LEFT(F19,3),IF(LEN(F19)=2,F19 & LEFT(J19,1),F19 & LEFT(J19,2)))) -> 00X | L19: =(VLOOKUP(LEFT(K19,1),[1]CONTROLLO!$A$3:$B$38,2,FALSE)) + (VLOOKUP(MID(K19,2,1),[1]CONTROLLO!$D$3:$E$38,2,FALSE)) + (VLOOKUP(RIGHT(K19,1),[1]CONTROLLO!$A$3:$B$38,2,FALSE)) -> #N/A | M19: =SUBSTITUTE(SUBSTITUTE(SUBSTITUTE(SUBSTITUTE(SUBSTITUTE(SUBSTITUTE(UPPER(B19)," ",""),"U",""),"O",""),"I",""),"E",""),"A","") -> 0 | N19: =SUBSTITUTE(SUBSTITUTE(SUBSTITUTE(SUBSTITUTE(SUBSTITUTE(SUBSTITUTE(UPPER(B19)," ",""),"G",""),"F",""),"D",""),"C",""),"B","") -> 0 | O19: =SUBSTITUTE(SUBSTITUTE(SUBSTITUTE(SUBSTITUTE(SUBSTITUTE(SUBSTITUTE(UPPER(N19)," ",""),"M",""),"L",""),"K",""),"J",""),"H","") -> 0 | P19: =SUBSTITUTE(SUBSTITUTE(SUBSTITUTE(SUBSTITUTE(SUBSTITUTE(SUBSTITUTE(UPPER(O19)," ",""),"S",""),"R",""),"Q",""),"P",""),"N","") -> 0 | Q19: =SUBSTITUTE(SUBSTITUTE(SUBSTITUTE(SUBSTITUTE(SUBSTITUTE(SUBSTITUTE(SUBSTITUTE(UPPER(P19)," ",""),"Z",""),"W",""),"X",""),"W",""),"V",""),"T","") -> 0 | R19: =IF(LEN(IF(LEN(M19)>3,MID(M19,1,1) & MID(M19,3,1) & MID(M19,4,1),IF(LEN(M19)=3,M19,IF(LEN(M19)=2,M19 & LEFT(Q19,1),M19 & LEFT(Q19,2)))))=2,IF(LEN(M19)>3,MID(M19,1,1) & MID(M19,3,1) & MID(M19,4,1),IF(LEN(M19)=3,M19,IF(LEN(M19)=2,M19 & LEFT(Q19,1),M19 & LEFT(Q19,2)))) & "X",IF(LEN(M19)>3,MID(M19,1,1) & MID(M19,3,1) & MID(M19,4,1),IF(LEN(M19)=3,M19,IF(LEN(M19)=2,M19 & LEFT(Q19,1),M19 & LEFT(Q19,2))))) -> 00X | S19: =(VLOOKUP(LEFT(R19,1),[1]CONTROLLO!$D$3:$E$38,2,FALSE)) + (VLOOKUP(MID(R19,2,1),[1]CONTROLLO!$A$3:$B$38,2,FALSE)) + (VLOOKUP(RIGHT(R19,1),[1]CONTROLLO!$D$3:$E$38,2,FALSE)) -> #N/A | T19: =IF(C19="","",VLOOKUP(C19,[1]COMUNI!$A$2:$C$13867,2,FALSE)) -> #N/A | U19: =(VLOOKUP(IF(LEFT(T19,1)="0","ZERO",LEFT(T19,1)),[1]CONTROLLO!$D$3:$E$38,2,FALSE)) + (VLOOKUP(IF(MID(T19,2,1)="0","ZERO",MID(T19,2,1)),[1]CONTROLLO!$A$3:$B$38,2,FALSE)) + (VLOOKUP(IF(MID(T19,3,1)="0","ZERO",MID(T19,3,1)),[1]CONTROLLO!$D$3:$E$38,2,FALSE)) + (VLOOKUP(IF(RIGHT(T19,1)="0","ZERO",RIGHT(T19,1)),[1]CONTROLLO!$A$3:$B$38,2,FALSE)) -> #N/A | V19: =RIGHT(TEXT(D19,"gg/mm/aaaa"),2) -> 00 | W19: =VLOOKUP(MID(TEXT(D19,"gg/mm/aaaa"),4,2),[1]MESI!$A$2:$B$13,2,FALSE) -> A | X19: =IF(E19="M",LEFT(TEXT(D19,"gg/mm/aaaa"),2),IF(E19="F",LEFT(TEXT(D19,"gg/mm/aaaa"),2)+40,"")) -> 00 | Y19: =IF(X19="","",V19&W19&X19) -> 00A00 | Z19: =(VLOOKUP(IF(LEFT(Y19,1)="0","ZERO",LEFT(Y19,1)),[1]CONTROLLO!$A$3:$B$38,2,FALSE)) + (VLOOKUP(IF(MID(Y19,2,1)="0","ZERO",MID(Y19,2,1)),[1]CONTROLLO!$D$3:$E$38,2,FALSE)) + (VLOOKUP(IF(MID(Y19,3,1)="0","ZERO",MID(Y19,3,1)),[1]CONTROLLO!$A$3:$B$38,2,FALSE)) + (VLOOKUP(IF(MID(Y19,4,1)="0","ZERO",MID(Y19,4,1)),[1]CONTROLLO!$D$3:$E$38,2,FALSE)) + (VLOOKUP(IF(RIGHT(Y19,1)="0","ZERO",RIGHT(Y19,1)),[1]CONTROLLO!$A$3:$B$38,2,FALSE)) -> 3 | AA19: =VLOOKUP(IF(TEXT(MOD(L19+S19+U19+Z19,26),"#")="0","ZERO",IF(TEXT(MOD(L19+S19+U19+Z19,26),"#")="","ZERO",TEXT(MOD(L19+S19+U19+Z19,26),"#"))),[1]CONTROLLO!$G$3:$H$28,2,FALSE) -> #N/A | AB19: =IF(K19<>"",IF(R19<>"",IF(T19<>"",IF(Y19<>"",IF(AA19<>"",K19&R19&Y19&T19&AA19,""),""),""),""),"") -> #N/A
A20: ='ELENCO ATLETI'!D32 -> 0 | B20: ='ELENCO ATLETI'!E32 -> 0 | C20: ='ELENCO ATLETI'!F32 -> 0 | D20: ='ELENCO ATLETI'!G32 -> 0 | E20: M | F20: =SUBSTITUTE(SUBSTITUTE(SUBSTITUTE(SUBSTITUTE(SUBSTITUTE(SUBSTITUTE(UPPER(A20)," ",""),"U",""),"O",""),"I",""),"E",""),"A","") -> 0 | G20: =SUBSTITUTE(SUBSTITUTE(SUBSTITUTE(SUBSTITUTE(SUBSTITUTE(SUBSTITUTE(UPPER(A20)," ",""),"G",""),"F",""),"D",""),"C",""),"B","") -> 0 | H20: =SUBSTITUTE(SUBSTITUTE(SUBSTITUTE(SUBSTITUTE(SUBSTITUTE(SUBSTITUTE(UPPER(G20)," ",""),"M",""),"L",""),"K",""),"J",""),"H","") -> 0 | I20: =SUBSTITUTE(SUBSTITUTE(SUBSTITUTE(SUBSTITUTE(SUBSTITUTE(SUBSTITUTE(UPPER(H20)," ",""),"S",""),"R",""),"Q",""),"P",""),"N","") -> 0 | J20: =SUBSTITUTE(SUBSTITUTE(SUBSTITUTE(SUBSTITUTE(SUBSTITUTE(SUBSTITUTE(SUBSTITUTE(UPPER(I20)," ",""),"Z",""),"W",""),"X",""),"W",""),"V",""),"T","") -> 0 | K20: =IF(LEN(IF(LEN(F20)>=3,LEFT(F20,3),IF(LEN(F20)=2,F20 & LEFT(J20,1),F20 & LEFT(J20,2))))=2,IF(LEN(F20)>=3,LEFT(F20,3),IF(LEN(F20)=2,F20 & LEFT(J20,1),F20 & LEFT(J20,2))) & "X",IF(LEN(F20)>=3,LEFT(F20,3),IF(LEN(F20)=2,F20 & LEFT(J20,1),F20 & LEFT(J20,2)))) -> 00X | L20: =(VLOOKUP(LEFT(K20,1),[1]CONTROLLO!$A$3:$B$38,2,FALSE)) + (VLOOKUP(MID(K20,2,1),[1]CONTROLLO!$D$3:$E$38,2,FALSE)) + (VLOOKUP(RIGHT(K20,1),[1]CONTROLLO!$A$3:$B$38,2,FALSE)) -> #N/A | M20: =SUBSTITUTE(SUBSTITUTE(SUBSTITUTE(SUBSTITUTE(SUBSTITUTE(SUBSTITUTE(UPPER(B20)," ",""),"U",""),"O",""),"I",""),"E",""),"A","") -> 0 | N20: =SUBSTITUTE(SUBSTITUTE(SUBSTITUTE(SUBSTITUTE(SUBSTITUTE(SUBSTITUTE(UPPER(B20)," ",""),"G",""),"F",""),"D",""),"C",""),"B","") -> 0 | O20: =SUBSTITUTE(SUBSTITUTE(SUBSTITUTE(SUBSTITUTE(SUBSTITUTE(SUBSTITUTE(UPPER(N20)," ",""),"M",""),"L",""),"K",""),"J",""),"H","") -> 0 | P20: =SUBSTITUTE(SUBSTITUTE(SUBSTITUTE(SUBSTITUTE(SUBSTITUTE(SUBSTITUTE(UPPER(O20)," ",""),"S",""),"R",""),"Q",""),"P",""),"N","") -> 0 | Q20: =SUBSTITUTE(SUBSTITUTE(SUBSTITUTE(SUBSTITUTE(SUBSTITUTE(SUBSTITUTE(SUBSTITUTE(UPPER(P20)," ",""),"Z",""),"W",""),"X",""),"W",""),"V",""),"T","") -> 0 | R20: =IF(LEN(IF(LEN(M20)>3,MID(M20,1,1) & MID(M20,3,1) & MID(M20,4,1),IF(LEN(M20)=3,M20,IF(LEN(M20)=2,M20 & LEFT(Q20,1),M20 & LEFT(Q20,2)))))=2,IF(LEN(M20)>3,MID(M20,1,1) & MID(M20,3,1) & MID(M20,4,1),IF(LEN(M20)=3,M20,IF(LEN(M20)=2,M20 & LEFT(Q20,1),M20 & LEFT(Q20,2)))) & "X",IF(LEN(M20)>3,MID(M20,1,1) & MID(M20,3,1) & MID(M20,4,1),IF(LEN(M20)=3,M20,IF(LEN(M20)=2,M20 & LEFT(Q20,1),M20 & LEFT(Q20,2))))) -> 00X | S20: =(VLOOKUP(LEFT(R20,1),[1]CONTROLLO!$D$3:$E$38,2,FALSE)) + (VLOOKUP(MID(R20,2,1),[1]CONTROLLO!$A$3:$B$38,2,FALSE)) + (VLOOKUP(RIGHT(R20,1),[1]CONTROLLO!$D$3:$E$38,2,FALSE)) -> #N/A | T20: =IF(C20="","",VLOOKUP(C20,[1]COMUNI!$A$2:$C$13867,2,FALSE)) -> #N/A | U20: =(VLOOKUP(IF(LEFT(T20,1)="0","ZERO",LEFT(T20,1)),[1]CONTROLLO!$D$3:$E$38,2,FALSE)) + (VLOOKUP(IF(MID(T20,2,1)="0","ZERO",MID(T20,2,1)),[1]CONTROLLO!$A$3:$B$38,2,FALSE)) + (VLOOKUP(IF(MID(T20,3,1)="0","ZERO",MID(T20,3,1)),[1]CONTROLLO!$D$3:$E$38,2,FALSE)) + (VLOOKUP(IF(RIGHT(T20,1)="0","ZERO",RIGHT(T20,1)),[1]CONTROLLO!$A$3:$B$38,2,FALSE)) -> #N/A | V20: =RIGHT(TEXT(D20,"gg/mm/aaaa"),2) -> 00 | W20: =VLOOKUP(MID(TEXT(D20,"gg/mm/aaaa"),4,2),[1]MESI!$A$2:$B$13,2,FALSE) -> A | X20: =IF(E20="M",LEFT(TEXT(D20,"gg/mm/aaaa"),2),IF(E20="F",LEFT(TEXT(D20,"gg/mm/aaaa"),2)+40,"")) -> 00 | Y20: =IF(X20="","",V20&W20&X20) -> 00A00 | Z20: =(VLOOKUP(IF(LEFT(Y20,1)="0","ZERO",LEFT(Y20,1)),[1]CONTROLLO!$A$3:$B$38,2,FALSE)) + (VLOOKUP(IF(MID(Y20,2,1)="0","ZERO",MID(Y20,2,1)),[1]CONTROLLO!$D$3:$E$38,2,FALSE)) + (VLOOKUP(IF(MID(Y20,3,1)="0","ZERO",MID(Y20,3,1)),[1]CONTROLLO!$A$3:$B$38,2,FALSE)) + (VLOOKUP(IF(MID(Y20,4,1)="0","ZERO",MID(Y20,4,1)),[1]CONTROLLO!$D$3:$E$38,2,FALSE)) + (VLOOKUP(IF(RIGHT(Y20,1)="0","ZERO",RIGHT(Y20,1)),[1]CONTROLLO!$A$3:$B$38,2,FALSE)) -> 3 | AA20: =VLOOKUP(IF(TEXT(MOD(L20+S20+U20+Z20,26),"#")="0","ZERO",IF(TEXT(MOD(L20+S20+U20+Z20,26),"#")="","ZERO",TEXT(MOD(L20+S20+U20+Z20,26),"#"))),[1]CONTROLLO!$G$3:$H$28,2,FALSE) -> #N/A | AB20: =IF(K20<>"",IF(R20<>"",IF(T20<>"",IF(Y20<>"",IF(AA20<>"",K20&R20&Y20&T20&AA20,""),""),""),""),"") -> #N/A
A21: ='ELENCO ATLETI'!D33 -> 0 | B21: ='ELENCO ATLETI'!E33 -> 0 | C21: ='ELENCO ATLETI'!F33 -> 0 | D21: ='ELENCO ATLETI'!G33 -> 0 | E21: M | F21: =SUBSTITUTE(SUBSTITUTE(SUBSTITUTE(SUBSTITUTE(SUBSTITUTE(SUBSTITUTE(UPPER(A21)," ",""),"U",""),"O",""),"I",""),"E",""),"A","") -> 0 | G21: =SUBSTITUTE(SUBSTITUTE(SUBSTITUTE(SUBSTITUTE(SUBSTITUTE(SUBSTITUTE(UPPER(A21)," ",""),"G",""),"F",""),"D",""),"C",""),"B","") -> 0 | H21: =SUBSTITUTE(SUBSTITUTE(SUBSTITUTE(SUBSTITUTE(SUBSTITUTE(SUBSTITUTE(UPPER(G21)," ",""),"M",""),"L",""),"K",""),"J",""),"H","") -> 0 | I21: =SUBSTITUTE(SUBSTITUTE(SUBSTITUTE(SUBSTITUTE(SUBSTITUTE(SUBSTITUTE(UPPER(H21)," ",""),"S",""),"R",""),"Q",""),"P",""),"N","") -> 0 | J21: =SUBSTITUTE(SUBSTITUTE(SUBSTITUTE(SUBSTITUTE(SUBSTITUTE(SUBSTITUTE(SUBSTITUTE(UPPER(I21)," ",""),"Z",""),"W",""),"X",""),"W",""),"V",""),"T","") -> 0 | K21: =IF(LEN(IF(LEN(F21)>=3,LEFT(F21,3),IF(LEN(F21)=2,F21 & LEFT(J21,1),F21 & LEFT(J21,2))))=2,IF(LEN(F21)>=3,LEFT(F21,3),IF(LEN(F21)=2,F21 & LEFT(J21,1),F21 & LEFT(J21,2))) & "X",IF(LEN(F21)>=3,LEFT(F21,3),IF(LEN(F21)=2,F21 & LEFT(J21,1),F21 & LEFT(J21,2)))) -> 00X | L21: =(VLOOKUP(LEFT(K21,1),[1]CONTROLLO!$A$3:$B$38,2,FALSE)) + (VLOOKUP(MID(K21,2,1),[1]CONTROLLO!$D$3:$E$38,2,FALSE)) + (VLOOKUP(RIGHT(K21,1),[1]CONTROLLO!$A$3:$B$38,2,FALSE)) -> #N/A | M21: =SUBSTITUTE(SUBSTITUTE(SUBSTITUTE(SUBSTITUTE(SUBSTITUTE(SUBSTITUTE(UPPER(B21)," ",""),"U",""),"O",""),"I",""),"E",""),"A","") -> 0 | N21: =SUBSTITUTE(SUBSTITUTE(SUBSTITUTE(SUBSTITUTE(SUBSTITUTE(SUBSTITUTE(UPPER(B21)," ",""),"G",""),"F",""),"D",""),"C",""),"B","") -> 0 | O21: =SUBSTITUTE(SUBSTITUTE(SUBSTITUTE(SUBSTITUTE(SUBSTITUTE(SUBSTITUTE(UPPER(N21)," ",""),"M",""),"L",""),"K",""),"J",""),"H","") -> 0 | P21: =SUBSTITUTE(SUBSTITUTE(SUBSTITUTE(SUBSTITUTE(SUBSTITUTE(SUBSTITUTE(UPPER(O21)," ",""),"S",""),"R",""),"Q",""),"P",""),"N","") -> 0 | Q21: =SUBSTITUTE(SUBSTITUTE(SUBSTITUTE(SUBSTITUTE(SUBSTITUTE(SUBSTITUTE(SUBSTITUTE(UPPER(P21)," ",""),"Z",""),"W",""),"X",""),"W",""),"V",""),"T","") -> 0 | R21: =IF(LEN(IF(LEN(M21)>3,MID(M21,1,1) & MID(M21,3,1) & MID(M21,4,1),IF(LEN(M21)=3,M21,IF(LEN(M21)=2,M21 & LEFT(Q21,1),M21 & LEFT(Q21,2)))))=2,IF(LEN(M21)>3,MID(M21,1,1) & MID(M21,3,1) & MID(M21,4,1),IF(LEN(M21)=3,M21,IF(LEN(M21)=2,M21 & LEFT(Q21,1),M21 & LEFT(Q21,2)))) & "X",IF(LEN(M21)>3,MID(M21,1,1) & MID(M21,3,1) & MID(M21,4,1),IF(LEN(M21)=3,M21,IF(LEN(M21)=2,M21 & LEFT(Q21,1),M21 & LEFT(Q21,2))))) -> 00X | S21: =(VLOOKUP(LEFT(R21,1),[1]CONTROLLO!$D$3:$E$38,2,FALSE)) + (VLOOKUP(MID(R21,2,1),[1]CONTROLLO!$A$3:$B$38,2,FALSE)) + (VLOOKUP(RIGHT(R21,1),[1]CONTROLLO!$D$3:$E$38,2,FALSE)) -> #N/A | T21: =IF(C21="","",VLOOKUP(C21,[1]COMUNI!$A$2:$C$13867,2,FALSE)) -> #N/A | U21: =(VLOOKUP(IF(LEFT(T21,1)="0","ZERO",LEFT(T21,1)),[1]CONTROLLO!$D$3:$E$38,2,FALSE)) + (VLOOKUP(IF(MID(T21,2,1)="0","ZERO",MID(T21,2,1)),[1]CONTROLLO!$A$3:$B$38,2,FALSE)) + (VLOOKUP(IF(MID(T21,3,1)="0","ZERO",MID(T21,3,1)),[1]CONTROLLO!$D$3:$E$38,2,FALSE)) + (VLOOKUP(IF(RIGHT(T21,1)="0","ZERO",RIGHT(T21,1)),[1]CONTROLLO!$A$3:$B$38,2,FALSE)) -> #N/A | V21: =RIGHT(TEXT(D21,"gg/mm/aaaa"),2) -> 00 | W21: =VLOOKUP(MID(TEXT(D21,"gg/mm/aaaa"),4,2),[1]MESI!$A$2:$B$13,2,FALSE) -> A | X21: =IF(E21="M",LEFT(TEXT(D21,"gg/mm/aaaa"),2),IF(E21="F",LEFT(TEXT(D21,"gg/mm/aaaa"),2)+40,"")) -> 00 | Y21: =IF(X21="","",V21&W21&X21) -> 00A00 | Z21: =(VLOOKUP(IF(LEFT(Y21,1)="0","ZERO",LEFT(Y21,1)),[1]CONTROLLO!$A$3:$B$38,2,FALSE)) + (VLOOKUP(IF(MID(Y21,2,1)="0","ZERO",MID(Y21,2,1)),[1]CONTROLLO!$D$3:$E$38,2,FALSE)) + (VLOOKUP(IF(MID(Y21,3,1)="0","ZERO",MID(Y21,3,1)),[1]CONTROLLO!$A$3:$B$38,2,FALSE)) + (VLOOKUP(IF(MID(Y21,4,1)="0","ZERO",MID(Y21,4,1)),[1]CONTROLLO!$D$3:$E$38,2,FALSE)) + (VLOOKUP(IF(RIGHT(Y21,1)="0","ZERO",RIGHT(Y21,1)),[1]CONTROLLO!$A$3:$B$38,2,FALSE)) -> 3 | AA21: =VLOOKUP(IF(TEXT(MOD(L21+S21+U21+Z21,26),"#")="0","ZERO",IF(TEXT(MOD(L21+S21+U21+Z21,26),"#")="","ZERO",TEXT(MOD(L21+S21+U21+Z21,26),"#"))),[1]CONTROLLO!$G$3:$H$28,2,FALSE) -> #N/A | AB21: =IF(K21<>"",IF(R21<>"",IF(T21<>"",IF(Y21<>"",IF(AA21<>"",K21&R21&Y21&T21&AA21,""),""),""),""),"") -> #N/A
A22: ='ELENCO ATLETI'!D34 -> 0 | B22: ='ELENCO ATLETI'!E34 -> 0 | C22: ='ELENCO ATLETI'!F34 -> 0 | D22: ='ELENCO ATLETI'!G34 -> 0 | E22: M | F22: =SUBSTITUTE(SUBSTITUTE(SUBSTITUTE(SUBSTITUTE(SUBSTITUTE(SUBSTITUTE(UPPER(A22)," ",""),"U",""),"O",""),"I",""),"E",""),"A","") -> 0 | G22: =SUBSTITUTE(SUBSTITUTE(SUBSTITUTE(SUBSTITUTE(SUBSTITUTE(SUBSTITUTE(UPPER(A22)," ",""),"G",""),"F",""),"D",""),"C",""),"B","") -> 0 | H22: =SUBSTITUTE(SUBSTITUTE(SUBSTITUTE(SUBSTITUTE(SUBSTITUTE(SUBSTITUTE(UPPER(G22)," ",""),"M",""),"L",""),"K",""),"J",""),"H","") -> 0 | I22: =SUBSTITUTE(SUBSTITUTE(SUBSTITUTE(SUBSTITUTE(SUBSTITUTE(SUBSTITUTE(UPPER(H22)," ",""),"S",""),"R",""),"Q",""),"P",""),"N","") -> 0 | J22: =SUBSTITUTE(SUBSTITUTE(SUBSTITUTE(SUBSTITUTE(SUBSTITUTE(SUBSTITUTE(SUBSTITUTE(UPPER(I22)," ",""),"Z",""),"W",""),"X",""),"W",""),"V",""),"T","") -> 0 | K22: =IF(LEN(IF(LEN(F22)>=3,LEFT(F22,3),IF(LEN(F22)=2,F22 & LEFT(J22,1),F22 & LEFT(J22,2))))=2,IF(LEN(F22)>=3,LEFT(F22,3),IF(LEN(F22)=2,F22 & LEFT(J22,1),F22 & LEFT(J22,2))) & "X",IF(LEN(F22)>=3,LEFT(F22,3),IF(LEN(F22)=2,F22 & LEFT(J22,1),F22 & LEFT(J22,2)))) -> 00X | L22: =(VLOOKUP(LEFT(K22,1),[1]CONTROLLO!$A$3:$B$38,2,FALSE)) + (VLOOKUP(MID(K22,2,1),[1]CONTROLLO!$D$3:$E$38,2,FALSE)) + (VLOOKUP(RIGHT(K22,1),[1]CONTROLLO!$A$3:$B$38,2,FALSE)) -> #N/A | M22: =SUBSTITUTE(SUBSTITUTE(SUBSTITUTE(SUBSTITUTE(SUBSTITUTE(SUBSTITUTE(UPPER(B22)," ",""),"U",""),"O",""),"I",""),"E",""),"A","") -> 0 | N22: =SUBSTITUTE(SUBSTITUTE(SUBSTITUTE(SUBSTITUTE(SUBSTITUTE(SUBSTITUTE(UPPER(B22)," ",""),"G",""),"F",""),"D",""),"C",""),"B","") -> 0 | O22: =SUBSTITUTE(SUBSTITUTE(SUBSTITUTE(SUBSTITUTE(SUBSTITUTE(SUBSTITUTE(UPPER(N22)," ",""),"M",""),"L",""),"K",""),"J",""),"H","") -> 0 | P22: =SUBSTITUTE(SUBSTITUTE(SUBSTITUTE(SUBSTITUTE(SUBSTITUTE(SUBSTITUTE(UPPER(O22)," ",""),"S",""),"R",""),"Q",""),"P",""),"N","") -> 0 | Q22: =SUBSTITUTE(SUBSTITUTE(SUBSTITUTE(SUBSTITUTE(SUBSTITUTE(SUBSTITUTE(SUBSTITUTE(UPPER(P22)," ",""),"Z",""),"W",""),"X",""),"W",""),"V",""),"T","") -> 0 | R22: =IF(LEN(IF(LEN(M22)>3,MID(M22,1,1) & MID(M22,3,1) & MID(M22,4,1),IF(LEN(M22)=3,M22,IF(LEN(M22)=2,M22 & LEFT(Q22,1),M22 & LEFT(Q22,2)))))=2,IF(LEN(M22)>3,MID(M22,1,1) & MID(M22,3,1) & MID(M22,4,1),IF(LEN(M22)=3,M22,IF(LEN(M22)=2,M22 & LEFT(Q22,1),M22 & LEFT(Q22,2)))) & "X",IF(LEN(M22)>3,MID(M22,1,1) & MID(M22,3,1) & MID(M22,4,1),IF(LEN(M22)=3,M22,IF(LEN(M22)=2,M22 & LEFT(Q22,1),M22 & LEFT(Q22,2))))) -> 00X | S22: =(VLOOKUP(LEFT(R22,1),[1]CONTROLLO!$D$3:$E$38,2,FALSE)) + (VLOOKUP(MID(R22,2,1),[1]CONTROLLO!$A$3:$B$38,2,FALSE)) + (VLOOKUP(RIGHT(R22,1),[1]CONTROLLO!$D$3:$E$38,2,FALSE)) -> #N/A | T22: =IF(C22="","",VLOOKUP(C22,[1]COMUNI!$A$2:$C$13867,2,FALSE)) -> #N/A | U22: =(VLOOKUP(IF(LEFT(T22,1)="0","ZERO",LEFT(T22,1)),[1]CONTROLLO!$D$3:$E$38,2,FALSE)) + (VLOOKUP(IF(MID(T22,2,1)="0","ZERO",MID(T22,2,1)),[1]CONTROLLO!$A$3:$B$38,2,FALSE)) + (VLOOKUP(IF(MID(T22,3,1)="0","ZERO",MID(T22,3,1)),[1]CONTROLLO!$D$3:$E$38,2,FALSE)) + (VLOOKUP(IF(RIGHT(T22,1)="0","ZERO",RIGHT(T22,1)),[1]CONTROLLO!$A$3:$B$38,2,FALSE)) -> #N/A | V22: =RIGHT(TEXT(D22,"gg/mm/aaaa"),2) -> 00 | W22: =VLOOKUP(MID(TEXT(D22,"gg/mm/aaaa"),4,2),[1]MESI!$A$2:$B$13,2,FALSE) -> A | X22: =IF(E22="M",LEFT(TEXT(D22,"gg/mm/aaaa"),2),IF(E22="F",LEFT(TEXT(D22,"gg/mm/aaaa"),2)+40,"")) -> 00 | Y22: =IF(X22="","",V22&W22&X22) -> 00A00 | Z22: =(VLOOKUP(IF(LEFT(Y22,1)="0","ZERO",LEFT(Y22,1)),[1]CONTROLLO!$A$3:$B$38,2,FALSE)) + (VLOOKUP(IF(MID(Y22,2,1)="0","ZERO",MID(Y22,2,1)),[1]CONTROLLO!$D$3:$E$38,2,FALSE)) + (VLOOKUP(IF(MID(Y22,3,1)="0","ZERO",MID(Y22,3,1)),[1]CONTROLLO!$A$3:$B$38,2,FALSE)) + (VLOOKUP(IF(MID(Y22,4,1)="0","ZERO",MID(Y22,4,1)),[1]CONTROLLO!$D$3:$E$38,2,FALSE)) + (VLOOKUP(IF(RIGHT(Y22,1)="0","ZERO",RIGHT(Y22,1)),[1]CONTROLLO!$A$3:$B$38,2,FALSE)) -> 3 | AA22: =VLOOKUP(IF(TEXT(MOD(L22+S22+U22+Z22,26),"#")="0","ZERO",IF(TEXT(MOD(L22+S22+U22+Z22,26),"#")="","ZERO",TEXT(MOD(L22+S22+U22+Z22,26),"#"))),[1]CONTROLLO!$G$3:$H$28,2,FALSE) -> #N/A | AB22: =IF(K22<>"",IF(R22<>"",IF(T22<>"",IF(Y22<>"",IF(AA22<>"",K22&R22&Y22&T22&AA22,""),""),""),""),"") -> #N/A
A23: ='ELENCO ATLETI'!D35 -> 0 | B23: ='ELENCO ATLETI'!E35 -> 0 | C23: ='ELENCO ATLETI'!F35 -> 0 | D23: ='ELENCO ATLETI'!G35 -> 0 | E23: M | F23: =SUBSTITUTE(SUBSTITUTE(SUBSTITUTE(SUBSTITUTE(SUBSTITUTE(SUBSTITUTE(UPPER(A23)," ",""),"U",""),"O",""),"I",""),"E",""),"A","") -> 0 | G23: =SUBSTITUTE(SUBSTITUTE(SUBSTITUTE(SUBSTITUTE(SUBSTITUTE(SUBSTITUTE(UPPER(A23)," ",""),"G",""),"F",""),"D",""),"C",""),"B","") -> 0 | H23: =SUBSTITUTE(SUBSTITUTE(SUBSTITUTE(SUBSTITUTE(SUBSTITUTE(SUBSTITUTE(UPPER(G23)," ",""),"M",""),"L",""),"K",""),"J",""),"H","") -> 0 | I23: =SUBSTITUTE(SUBSTITUTE(SUBSTITUTE(SUBSTITUTE(SUBSTITUTE(SUBSTITUTE(UPPER(H23)," ",""),"S",""),"R",""),"Q",""),"P",""),"N","") -> 0 | J23: =SUBSTITUTE(SUBSTITUTE(SUBSTITUTE(SUBSTITUTE(SUBSTITUTE(SUBSTITUTE(SUBSTITUTE(UPPER(I23)," ",""),"Z",""),"W",""),"X",""),"W",""),"V",""),"T","") -> 0 | K23: =IF(LEN(IF(LEN(F23)>=3,LEFT(F23,3),IF(LEN(F23)=2,F23 & LEFT(J23,1),F23 & LEFT(J23,2))))=2,IF(LEN(F23)>=3,LEFT(F23,3),IF(LEN(F23)=2,F23 & LEFT(J23,1),F23 & LEFT(J23,2))) & "X",IF(LEN(F23)>=3,LEFT(F23,3),IF(LEN(F23)=2,F23 & LEFT(J23,1),F23 & LEFT(J23,2)))) -> 00X | L23: =(VLOOKUP(LEFT(K23,1),[1]CONTROLLO!$A$3:$B$38,2,FALSE)) + (VLOOKUP(MID(K23,2,1),[1]CONTROLLO!$D$3:$E$38,2,FALSE)) + (VLOOKUP(RIGHT(K23,1),[1]CONTROLLO!$A$3:$B$38,2,FALSE)) -> #N/A | M23: =SUBSTITUTE(SUBSTITUTE(SUBSTITUTE(SUBSTITUTE(SUBSTITUTE(SUBSTITUTE(UPPER(B23)," ",""),"U",""),"O",""),"I",""),"E",""),"A","") -> 0 | N23: =SUBSTITUTE(SUBSTITUTE(SUBSTITUTE(SUBSTITUTE(SUBSTITUTE(SUBSTITUTE(UPPER(B23)," ",""),"G",""),"F",""),"D",""),"C",""),"B","") -> 0 | O23: =SUBSTITUTE(SUBSTITUTE(SUBSTITUTE(SUBSTITUTE(SUBSTITUTE(SUBSTITUTE(UPPER(N23)," ",""),"M",""),"L",""),"K",""),"J",""),"H","") -> 0 | P23: =SUBSTITUTE(SUBSTITUTE(SUBSTITUTE(SUBSTITUTE(SUBSTITUTE(SUBSTITUTE(UPPER(O23)," ",""),"S",""),"R",""),"Q",""),"P",""),"N","") -> 0 | Q23: =SUBSTITUTE(SUBSTITUTE(SUBSTITUTE(SUBSTITUTE(SUBSTITUTE(SUBSTITUTE(SUBSTITUTE(UPPER(P23)," ",""),"Z",""),"W",""),"X",""),"W",""),"V",""),"T","") -> 0 | R23: =IF(LEN(IF(LEN(M23)>3,MID(M23,1,1) & MID(M23,3,1) & MID(M23,4,1),IF(LEN(M23)=3,M23,IF(LEN(M23)=2,M23 & LEFT(Q23,1),M23 & LEFT(Q23,2)))))=2,IF(LEN(M23)>3,MID(M23,1,1) & MID(M23,3,1) & MID(M23,4,1),IF(LEN(M23)=3,M23,IF(LEN(M23)=2,M23 & LEFT(Q23,1),M23 & LEFT(Q23,2)))) & "X",IF(LEN(M23)>3,MID(M23,1,1) & MID(M23,3,1) & MID(M23,4,1),IF(LEN(M23)=3,M23,IF(LEN(M23)=2,M23 & LEFT(Q23,1),M23 & LEFT(Q23,2))))) -> 00X | S23: =(VLOOKUP(LEFT(R23,1),[1]CONTROLLO!$D$3:$E$38,2,FALSE)) + (VLOOKUP(MID(R23,2,1),[1]CONTROLLO!$A$3:$B$38,2,FALSE)) + (VLOOKUP(RIGHT(R23,1),[1]CONTROLLO!$D$3:$E$38,2,FALSE)) -> #N/A | T23: =IF(C23="","",VLOOKUP(C23,[1]COMUNI!$A$2:$C$13867,2,FALSE)) -> #N/A | U23: =(VLOOKUP(IF(LEFT(T23,1)="0","ZERO",LEFT(T23,1)),[1]CONTROLLO!$D$3:$E$38,2,FALSE)) + (VLOOKUP(IF(MID(T23,2,1)="0","ZERO",MID(T23,2,1)),[1]CONTROLLO!$A$3:$B$38,2,FALSE)) + (VLOOKUP(IF(MID(T23,3,1)="0","ZERO",MID(T23,3,1)),[1]CONTROLLO!$D$3:$E$38,2,FALSE)) + (VLOOKUP(IF(RIGHT(T23,1)="0","ZERO",RIGHT(T23,1)),[1]CONTROLLO!$A$3:$B$38,2,FALSE)) -> #N/A | V23: =RIGHT(TEXT(D23,"gg/mm/aaaa"),2) -> 00 | W23: =VLOOKUP(MID(TEXT(D23,"gg/mm/aaaa"),4,2),[1]MESI!$A$2:$B$13,2,FALSE) -> A | X23: =IF(E23="M",LEFT(TEXT(D23,"gg/mm/aaaa"),2),IF(E23="F",LEFT(TEXT(D23,"gg/mm/aaaa"),2)+40,"")) -> 00 | Y23: =IF(X23="","",V23&W23&X23) -> 00A00 | Z23: =(VLOOKUP(IF(LEFT(Y23,1)="0","ZERO",LEFT(Y23,1)),[1]CONTROLLO!$A$3:$B$38,2,FALSE)) + (VLOOKUP(IF(MID(Y23,2,1)="0","ZERO",MID(Y23,2,1)),[1]CONTROLLO!$D$3:$E$38,2,FALSE)) + (VLOOKUP(IF(MID(Y23,3,1)="0","ZERO",MID(Y23,3,1)),[1]CONTROLLO!$A$3:$B$38,2,FALSE)) + (VLOOKUP(IF(MID(Y23,4,1)="0","ZERO",MID(Y23,4,1)),[1]CONTROLLO!$D$3:$E$38,2,FALSE)) + (VLOOKUP(IF(RIGHT(Y23,1)="0","ZERO",RIGHT(Y23,1)),[1]CONTROLLO!$A$3:$B$38,2,FALSE)) -> 3 | AA23: =VLOOKUP(IF(TEXT(MOD(L23+S23+U23+Z23,26),"#")="0","ZERO",IF(TEXT(MOD(L23+S23+U23+Z23,26),"#")="","ZERO",TEXT(MOD(L23+S23+U23+Z23,26),"#"))),[1]CONTROLLO!$G$3:$H$28,2,FALSE) -> #N/A | AB23: =IF(K23<>"",IF(R23<>"",IF(T23<>"",IF(Y23<>"",IF(AA23<>"",K23&R23&Y23&T23&AA23,""),""),""),""),"") -> #N/A
A24: ='ELENCO ATLETI'!D36 -> 0 | B24: ='ELENCO ATLETI'!E36 -> 0 | C24: ='ELENCO ATLETI'!F36 -> 0 | D24: ='ELENCO ATLETI'!G36 -> 0 | E24: M | F24: =SUBSTITUTE(SUBSTITUTE(SUBSTITUTE(SUBSTITUTE(SUBSTITUTE(SUBSTITUTE(UPPER(A24)," ",""),"U",""),"O",""),"I",""),"E",""),"A","") -> 0 | G24: =SUBSTITUTE(SUBSTITUTE(SUBSTITUTE(SUBSTITUTE(SUBSTITUTE(SUBSTITUTE(UPPER(A24)," ",""),"G",""),"F",""),"D",""),"C",""),"B","") -> 0 | H24: =SUBSTITUTE(SUBSTITUTE(SUBSTITUTE(SUBSTITUTE(SUBSTITUTE(SUBSTITUTE(UPPER(G24)," ",""),"M",""),"L",""),"K",""),"J",""),"H","") -> 0 | I24: =SUBSTITUTE(SUBSTITUTE(SUBSTITUTE(SUBSTITUTE(SUBSTITUTE(SUBSTITUTE(UPPER(H24)," ",""),"S",""),"R",""),"Q",""),"P",""),"N","") -> 0 | J24: =SUBSTITUTE(SUBSTITUTE(SUBSTITUTE(SUBSTITUTE(SUBSTITUTE(SUBSTITUTE(SUBSTITUTE(UPPER(I24)," ",""),"Z",""),"W",""),"X",""),"W",""),"V",""),"T","") -> 0 | K24: =IF(LEN(IF(LEN(F24)>=3,LEFT(F24,3),IF(LEN(F24)=2,F24 & LEFT(J24,1),F24 & LEFT(J24,2))))=2,IF(LEN(F24)>=3,LEFT(F24,3),IF(LEN(F24)=2,F24 & LEFT(J24,1),F24 & LEFT(J24,2))) & "X",IF(LEN(F24)>=3,LEFT(F24,3),IF(LEN(F24)=2,F24 & LEFT(J24,1),F24 & LEFT(J24,2)))) -> 00X | L24: =(VLOOKUP(LEFT(K24,1),[1]CONTROLLO!$A$3:$B$38,2,FALSE)) + (VLOOKUP(MID(K24,2,1),[1]CONTROLLO!$D$3:$E$38,2,FALSE)) + (VLOOKUP(RIGHT(K24,1),[1]CONTROLLO!$A$3:$B$38,2,FALSE)) -> #N/A | M24: =SUBSTITUTE(SUBSTITUTE(SUBSTITUTE(SUBSTITUTE(SUBSTITUTE(SUBSTITUTE(UPPER(B24)," ",""),"U",""),"O",""),"I",""),"E",""),"A","") -> 0 | N24: =SUBSTITUTE(SUBSTITUTE(SUBSTITUTE(SUBSTITUTE(SUBSTITUTE(SUBSTITUTE(UPPER(B24)," ",""),"G",""),"F",""),"D",""),"C",""),"B","") -> 0 | O24: =SUBSTITUTE(SUBSTITUTE(SUBSTITUTE(SUBSTITUTE(SUBSTITUTE(SUBSTITUTE(UPPER(N24)," ",""),"M",""),"L",""),"K",""),"J",""),"H","") -> 0 | P24: =SUBSTITUTE(SUBSTITUTE(SUBSTITUTE(SUBSTITUTE(SUBSTITUTE(SUBSTITUTE(UPPER(O24)," ",""),"S",""),"R",""),"Q",""),"P",""),"N","") -> 0 | Q24: =SUBSTITUTE(SUBSTITUTE(SUBSTITUTE(SUBSTITUTE(SUBSTITUTE(SUBSTITUTE(SUBSTITUTE(UPPER(P24)," ",""),"Z",""),"W",""),"X",""),"W",""),"V",""),"T","") -> 0 | R24: =IF(LEN(IF(LEN(M24)>3,MID(M24,1,1) & MID(M24,3,1) & MID(M24,4,1),IF(LEN(M24)=3,M24,IF(LEN(M24)=2,M24 & LEFT(Q24,1),M24 & LEFT(Q24,2)))))=2,IF(LEN(M24)>3,MID(M24,1,1) & MID(M24,3,1) & MID(M24,4,1),IF(LEN(M24)=3,M24,IF(LEN(M24)=2,M24 & LEFT(Q24,1),M24 & LEFT(Q24,2)))) & "X",IF(LEN(M24)>3,MID(M24,1,1) & MID(M24,3,1) & MID(M24,4,1),IF(LEN(M24)=3,M24,IF(LEN(M24)=2,M24 & LEFT(Q24,1),M24 & LEFT(Q24,2))))) -> 00X | S24: =(VLOOKUP(LEFT(R24,1),[1]CONTROLLO!$D$3:$E$38,2,FALSE)) + (VLOOKUP(MID(R24,2,1),[1]CONTROLLO!$A$3:$B$38,2,FALSE)) + (VLOOKUP(RIGHT(R24,1),[1]CONTROLLO!$D$3:$E$38,2,FALSE)) -> #N/A | T24: =IF(C24="","",VLOOKUP(C24,[1]COMUNI!$A$2:$C$13867,2,FALSE)) -> #N/A | U24: =(VLOOKUP(IF(LEFT(T24,1)="0","ZERO",LEFT(T24,1)),[1]CONTROLLO!$D$3:$E$38,2,FALSE)) + (VLOOKUP(IF(MID(T24,2,1)="0","ZERO",MID(T24,2,1)),[1]CONTROLLO!$A$3:$B$38,2,FALSE)) + (VLOOKUP(IF(MID(T24,3,1)="0","ZERO",MID(T24,3,1)),[1]CONTROLLO!$D$3:$E$38,2,FALSE)) + (VLOOKUP(IF(RIGHT(T24,1)="0","ZERO",RIGHT(T24,1)),[1]CONTROLLO!$A$3:$B$38,2,FALSE)) -> #N/A | V24: =RIGHT(TEXT(D24,"gg/mm/aaaa"),2) -> 00 | W24: =VLOOKUP(MID(TEXT(D24,"gg/mm/aaaa"),4,2),[1]MESI!$A$2:$B$13,2,FALSE) -> A | X24: =IF(E24="M",LEFT(TEXT(D24,"gg/mm/aaaa"),2),IF(E24="F",LEFT(TEXT(D24,"gg/mm/aaaa"),2)+40,"")) -> 00 | Y24: =IF(X24="","",V24&W24&X24) -> 00A00 | Z24: =(VLOOKUP(IF(LEFT(Y24,1)="0","ZERO",LEFT(Y24,1)),[1]CONTROLLO!$A$3:$B$38,2,FALSE)) + (VLOOKUP(IF(MID(Y24,2,1)="0","ZERO",MID(Y24,2,1)),[1]CONTROLLO!$D$3:$E$38,2,FALSE)) + (VLOOKUP(IF(MID(Y24,3,1)="0","ZERO",MID(Y24,3,1)),[1]CONTROLLO!$A$3:$B$38,2,FALSE)) + (VLOOKUP(IF(MID(Y24,4,1)="0","ZERO",MID(Y24,4,1)),[1]CONTROLLO!$D$3:$E$38,2,FALSE)) + (VLOOKUP(IF(RIGHT(Y24,1)="0","ZERO",RIGHT(Y24,1)),[1]CONTROLLO!$A$3:$B$38,2,FALSE)) -> 3 | AA24: =VLOOKUP(IF(TEXT(MOD(L24+S24+U24+Z24,26),"#")="0","ZERO",IF(TEXT(MOD(L24+S24+U24+Z24,26),"#")="","ZERO",TEXT(MOD(L24+S24+U24+Z24,26),"#"))),[1]CONTROLLO!$G$3:$H$28,2,FALSE) -> #N/A | AB24: =IF(K24<>"",IF(R24<>"",IF(T24<>"",IF(Y24<>"",IF(AA24<>"",K24&R24&Y24&T24&AA24,""),""),""),""),"") -> #N/A
A25: ='ELENCO ATLETI'!D37 -> 0 | B25: ='ELENCO ATLETI'!E37 -> 0 | C25: ='ELENCO ATLETI'!F37 -> 0 | D25: ='ELENCO ATLETI'!G37 -> 0 | E25: M | F25: =SUBSTITUTE(SUBSTITUTE(SUBSTITUTE(SUBSTITUTE(SUBSTITUTE(SUBSTITUTE(UPPER(A25)," ",""),"U",""),"O",""),"I",""),"E",""),"A","") -> 0 | G25: =SUBSTITUTE(SUBSTITUTE(SUBSTITUTE(SUBSTITUTE(SUBSTITUTE(SUBSTITUTE(UPPER(A25)," ",""),"G",""),"F",""),"D",""),"C",""),"B","") -> 0 | H25: =SUBSTITUTE(SUBSTITUTE(SUBSTITUTE(SUBSTITUTE(SUBSTITUTE(SUBSTITUTE(UPPER(G25)," ",""),"M",""),"L",""),"K",""),"J",""),"H","") -> 0 | I25: =SUBSTITUTE(SUBSTITUTE(SUBSTITUTE(SUBSTITUTE(SUBSTITUTE(SUBSTITUTE(UPPER(H25)," ",""),"S",""),"R",""),"Q",""),"P",""),"N","") -> 0 | J25: =SUBSTITUTE(SUBSTITUTE(SUBSTITUTE(SUBSTITUTE(SUBSTITUTE(SUBSTITUTE(SUBSTITUTE(UPPER(I25)," ",""),"Z",""),"W",""),"X",""),"W",""),"V",""),"T","") -> 0 | K25: =IF(LEN(IF(LEN(F25)>=3,LEFT(F25,3),IF(LEN(F25)=2,F25 & LEFT(J25,1),F25 & LEFT(J25,2))))=2,IF(LEN(F25)>=3,LEFT(F25,3),IF(LEN(F25)=2,F25 & LEFT(J25,1),F25 & LEFT(J25,2))) & "X",IF(LEN(F25)>=3,LEFT(F25,3),IF(LEN(F25)=2,F25 & LEFT(J25,1),F25 & LEFT(J25,2)))) -> 00X | L25: =(VLOOKUP(LEFT(K25,1),[1]CONTROLLO!$A$3:$B$38,2,FALSE)) + (VLOOKUP(MID(K25,2,1),[1]CONTROLLO!$D$3:$E$38,2,FALSE)) + (VLOOKUP(RIGHT(K25,1),[1]CONTROLLO!$A$3:$B$38,2,FALSE)) -> #N/A | M25: =SUBSTITUTE(SUBSTITUTE(SUBSTITUTE(SUBSTITUTE(SUBSTITUTE(SUBSTITUTE(UPPER(B25)," ",""),"U",""),"O",""),"I",""),"E",""),"A","") -> 0 | N25: =SUBSTITUTE(SUBSTITUTE(SUBSTITUTE(SUBSTITUTE(SUBSTITUTE(SUBSTITUTE(UPPER(B25)," ",""),"G",""),"F",""),"D",""),"C",""),"B","") -> 0 | O25: =SUBSTITUTE(SUBSTITUTE(SUBSTITUTE(SUBSTITUTE(SUBSTITUTE(SUBSTITUTE(UPPER(N25)," ",""),"M",""),"L",""),"K",""),"J",""),"H","") -> 0 | P25: =SUBSTITUTE(SUBSTITUTE(SUBSTITUTE(SUBSTITUTE(SUBSTITUTE(SUBSTITUTE(UPPER(O25)," ",""),"S",""),"R",""),"Q",""),"P",""),"N","") -> 0 | Q25: =SUBSTITUTE(SUBSTITUTE(SUBSTITUTE(SUBSTITUTE(SUBSTITUTE(SUBSTITUTE(SUBSTITUTE(UPPER(P25)," ",""),"Z",""),"W",""),"X",""),"W",""),"V",""),"T","") -> 0 | R25: =IF(LEN(IF(LEN(M25)>3,MID(M25,1,1) & MID(M25,3,1) & MID(M25,4,1),IF(LEN(M25)=3,M25,IF(LEN(M25)=2,M25 & LEFT(Q25,1),M25 & LEFT(Q25,2)))))=2,IF(LEN(M25)>3,MID(M25,1,1) & MID(M25,3,1) & MID(M25,4,1),IF(LEN(M25)=3,M25,IF(LEN(M25)=2,M25 & LEFT(Q25,1),M25 & LEFT(Q25,2)))) & "X",IF(LEN(M25)>3,MID(M25,1,1) & MID(M25,3,1) & MID(M25,4,1),IF(LEN(M25)=3,M25,IF(LEN(M25)=2,M25 & LEFT(Q25,1),M25 & LEFT(Q25,2))))) -> 00X | S25: =(VLOOKUP(LEFT(R25,1),[1]CONTROLLO!$D$3:$E$38,2,FALSE)) + (VLOOKUP(MID(R25,2,1),[1]CONTROLLO!$A$3:$B$38,2,FALSE)) + (VLOOKUP(RIGHT(R25,1),[1]CONTROLLO!$D$3:$E$38,2,FALSE)) -> #N/A | T25: =IF(C25="","",VLOOKUP(C25,[1]COMUNI!$A$2:$C$13867,2,FALSE)) -> #N/A | U25: =(VLOOKUP(IF(LEFT(T25,1)="0","ZERO",LEFT(T25,1)),[1]CONTROLLO!$D$3:$E$38,2,FALSE)) + (VLOOKUP(IF(MID(T25,2,1)="0","ZERO",MID(T25,2,1)),[1]CONTROLLO!$A$3:$B$38,2,FALSE)) + (VLOOKUP(IF(MID(T25,3,1)="0","ZERO",MID(T25,3,1)),[1]CONTROLLO!$D$3:$E$38,2,FALSE)) + (VLOOKUP(IF(RIGHT(T25,1)="0","ZERO",RIGHT(T25,1)),[1]CONTROLLO!$A$3:$B$38,2,FALSE)) -> #N/A | V25: =RIGHT(TEXT(D25,"gg/mm/aaaa"),2) -> 00 | W25: =VLOOKUP(MID(TEXT(D25,"gg/mm/aaaa"),4,2),[1]MESI!$A$2:$B$13,2,FALSE) -> A | X25: =IF(E25="M",LEFT(TEXT(D25,"gg/mm/aaaa"),2),IF(E25="F",LEFT(TEXT(D25,"gg/mm/aaaa"),2)+40,"")) -> 00 | Y25: =IF(X25="","",V25&W25&X25) -> 00A00 | Z25: =(VLOOKUP(IF(LEFT(Y25,1)="0","ZERO",LEFT(Y25,1)),[1]CONTROLLO!$A$3:$B$38,2,FALSE)) + (VLOOKUP(IF(MID(Y25,2,1)="0","ZERO",MID(Y25,2,1)),[1]CONTROLLO!$D$3:$E$38,2,FALSE)) + (VLOOKUP(IF(MID(Y25,3,1)="0","ZERO",MID(Y25,3,1)),[1]CONTROLLO!$A$3:$B$38,2,FALSE)) + (VLOOKUP(IF(MID(Y25,4,1)="0","ZERO",MID(Y25,4,1)),[1]CONTROLLO!$D$3:$E$38,2,FALSE)) + (VLOOKUP(IF(RIGHT(Y25,1)="0","ZERO",RIGHT(Y25,1)),[1]CONTROLLO!$A$3:$B$38,2,FALSE)) -> 3 | AA25: =VLOOKUP(IF(TEXT(MOD(L25+S25+U25+Z25,26),"#")="0","ZERO",IF(TEXT(MOD(L25+S25+U25+Z25,26),"#")="","ZERO",TEXT(MOD(L25+S25+U25+Z25,26),"#"))),[1]CONTROLLO!$G$3:$H$28,2,FALSE) -> #N/A | AB25: =IF(K25<>"",IF(R25<>"",IF(T25<>"",IF(Y25<>"",IF(AA25<>"",K25&R25&Y25&T25&AA25,""),""),""),""),"") -> #N/A
